Workbook

Sheet Ranking
A1: ipaddr. IP address | B1: Outcome[SQ001]. Please select the outcome you will assess, based on your expertise: [Undernutrition] | C1: Outcome[SQ002]. Please select the outcome you will assess, based on your expertise: [Obesity/NCDs] | D1: Outcome[SQ003]. Please select the outcome you will assess, based on your expertise: [Environmental sustainability] | E1: Outcome[SQ004]. Please select the outcome you will assess, based on your expertise: [Nutritional inequalities] | F1: Outcome[SQ005]. Please select the outcome you will assess, based on your expertise: [Women's empowerment] | G1: UndernutritionFSC[1]. Please drag and drop to the column of the right the indicators that you consider of relevance for undernutrition. Then, rank them based on their level of importance. You can leave in the column of the left the indicators that, according to you, are not applicable for undernutrition. [Rank 1] | H1: UndernutritionFSC[2]. Please drag and drop to the column of the right the indicators that you consider of relevance for undernutrition. Then, rank them based on their level of importance. You can leave in the column of the left the indicators that, according to you, are not applicable for undernutrition. [Rank 2] | I1: UndernutritionFSC[3]. Please drag and drop to the column of the right the indicators that you consider of relevance for undernutrition. Then, rank them based on their level of importance. You can leave in the column of the left the indicators that, according to you, are not applicable for undernutrition. [Rank 3] | J1: UndernutritionFSC[4]. Please drag and drop to the column of the right the indicators that you consider of relevance for undernutrition. Then, rank them based on their level of importance. You can leave in the column of the left the indicators that, according to you, are not applicable for undernutrition. [Rank 4] | K1: UndernutritionFSC[5]. Please drag and drop to the column of the right the indicators that you consider of relevance for undernutrition. Then, rank them based on their level of importance. You can leave in the column of the left the indicators that, according to you, are not applicable for undernutrition. [Rank 5] | L1: UndernutritionFSC[6]. Please drag and drop to the column of the right the indicators that you consider of relevance for undernutrition. Then, rank them based on their level of importance. You can leave in the column of the left the indicators that, according to you, are not applicable for undernutrition. [Rank 6] | M1: UndernutritionFSC[7]. Please drag and drop to the column of the right the indicators that you consider of relevance for undernutrition. Then, rank them based on their level of importance. You can leave in the column of the left the indicators that, according to you, are not applicable for undernutrition. [Rank 7] | N1: UndernutritionFSC[8]. Please drag and drop to the column of the right the indicators that you consider of relevance for undernutrition. Then, rank them based on their level of importance. You can leave in the column of the left the indicators that, according to you, are not applicable for undernutrition. [Rank 8] | O1: UndernutritionFSC[9]. Please drag and drop to the column of the right the indicators that you consider of relevance for undernutrition. Then, rank them based on their level of importance. You can leave in the column of the left the indicators that, according to you, are not applicable for undernutrition. [Rank 9] | P1: UndernutritionFSC[10]. Please drag and drop to the column of the right the indicators that you consider of relevance for undernutrition. Then, rank them based on their level of importance. You can leave in the column of the left the indicators that, according to you, are not applicable for undernutrition. [Rank 10] | Q1: UndernutritionFSC[11]. Please drag and drop to the column of the right the indicators that you consider of relevance for undernutrition. Then, rank them based on their level of importance. You can leave in the column of the left the indicators that, according to you, are not applicable for undernutrition. [Rank 11] | R1: UndernutritionFSC[12]. Please drag and drop to the column of the right the indicators that you consider of relevance for undernutrition. Then, rank them based on their level of importance. You can leave in the column of the left the indicators that, according to you, are not applicable for undernutrition. [Rank 12] | S1: UndernutritionFSC[13]. Please drag and drop to the column of the right the indicators that you consider of relevance for undernutrition. Then, rank them based on their level of importance. You can leave in the column of the left the indicators that, according to you, are not applicable for undernutrition. [Rank 13] | T1: UndernutritionFSC[14]. Please drag and drop to the column of the right the indicators that you consider of relevance for undernutrition. Then, rank them based on their level of importance. You can leave in the column of the left the indicators that, according to you, are not applicable for undernutrition. [Rank 14] | U1: UndernutritionFSC[15]. Please drag and drop to the column of the right the indicators that you consider of relevance for undernutrition. Then, rank them based on their level of importance. You can leave in the column of the left the indicators that, according to you, are not applicable for undernutrition. [Rank 15] | V1: UndernutritionFSC[16]. Please drag and drop to the column of the right the indicators that you consider of relevance for undernutrition. Then, rank them based on their level of importance. You can leave in the column of the left the indicators that, according to you, are not applicable for undernutrition. [Rank 16] | W1: UndernutritionFSC[17]. Please drag and drop to the column of the right the indicators that you consider of relevance for undernutrition. Then, rank them based on their level of importance. You can leave in the column of the left the indicators that, according to you, are not applicable for undernutrition. [Rank 17] | X1: UndernutritionFSC[18]. Please drag and drop to the column of the right the indicators that you consider of relevance for undernutrition. Then, rank them based on their level of importance. You can leave in the column of the left the indicators that, according to you, are not applicable for undernutrition. [Rank 18] | Y1: UndernutritionFSC[19]. Please drag and drop to the column of the right the indicators that you consider of relevance for undernutrition. Then, rank them based on their level of importance. You can leave in the column of the left the indicators that, according to you, are not applicable for undernutrition. [Rank 19] | Z1: UndernutritionFSC[20]. Please drag and drop to the column of the right the indicators that you consider of relevance for undernutrition. Then, rank them based on their level of importance. You can leave in the column of the left the indicators that, according to you, are not applicable for undernutrition. [Rank 20] | AA1: UndernutritionFSC[21]. Please drag and drop to the column of the right the indicators that you consider of relevance for undernutrition. Then, rank them based on their level of importance. You can leave in the column of the left the indicators that, according to you, are not applicable for undernutrition. [Rank 21] | AB1: UndernutritionFSC[22]. Please drag and drop to the column of the right the indicators that you consider of relevance for undernutrition. Then, rank them based on their level of importance. You can leave in the column of the left the indicators that, according to you, are not applicable for undernutrition. [Rank 22] | AC1: UndernutritionFSC[23]. Please drag and drop to the column of the right the indicators that you consider of relevance for undernutrition. Then, rank them based on their level of importance. You can leave in the column of the left the indicators that, according to you, are not applicable for undernutrition. [Rank 23] | AD1: UndernutritionFSC[24]. Please drag and drop to the column of the right the indicators that you consider of relevance for undernutrition. Then, rank them based on their level of importance. You can leave in the column of the left the indicators that, according to you, are not applicable for undernutrition. [Rank 24] | AE1: UndernutritionFSC[25]. Please drag and drop to the column of the right the indicators that you consider of relevance for undernutrition. Then, rank them based on their level of importance. You can leave in the column of the left the indicators that, according to you, are not applicable for undernutrition. [Rank 25] | AF1: UndernutritionFSC[26]. Please drag and drop to the column of the right the indicators that you consider of relevance for undernutrition. Then, rank them based on their level of importance. You can leave in the column of the left the indicators that, according to you, are not applicable for undernutrition. [Rank 26] | AG1: UndernutritionFSC[27]. Please drag and drop to the column of the right the indicators that you consider of relevance for undernutrition. Then, rank them based on their level of importance. You can leave in the column of the left the indicators that, according to you, are not applicable for undernutrition. [Rank 27] | AH1: ObesityFSC[1]. Please drag and drop to the column of the right the indicators that you consider of relevance for obesity/NCDs. Then, rank them based on their level of importance. You can leave in the column of the left the indicators that, according to you, are not applicable for obesity/NCDs. [Rank 1] | AI1: ObesityFSC[2]. Please drag and drop to the column of the right the indicators that you consider of relevance for obesity/NCDs. Then, rank them based on their level of importance. You can leave in the column of the left the indicators that, according to you, are not applicable for obesity/NCDs. [Rank 2] | AJ1: ObesityFSC[3]. Please drag and drop to the column of the right the indicators that you consider of relevance for obesity/NCDs. Then, rank them based on their level of importance. You can leave in the column of the left the indicators that, according to you, are not applicable for obesity/NCDs. [Rank 3] | AK1: ObesityFSC[4]. Please drag and drop to the column of the right the indicators that you consider of relevance for obesity/NCDs. Then, rank them based on their level of importance. You can leave in the column of the left the indicators that, according to you, are not applicable for obesity/NCDs. [Rank 4] | AL1: ObesityFSC[5]. Please drag and drop to the column of the right the indicators that you consider of relevance for obesity/NCDs. Then, rank them based on their level of importance. You can leave in the column of the left the indicators that, according to you, are not applicable for obesity/NCDs. [Rank 5] | AM1: ObesityFSC[6]. Please drag and drop to the column of the right the indicators that you consider of relevance for obesity/NCDs. Then, rank them based on their level of importance. You can leave in the column of the left the indicators that, according to you, are not applicable for obesity/NCDs. [Rank 6] | AN1: ObesityFSC[7]. Please drag and drop to the column of the right the indicators that you consider of relevance for obesity/NCDs. Then, rank them based on their level of importance. You can leave in the column of the left the indicators that, according to you, are not applicable for obesity/NCDs. [Rank 7] | AO1: ObesityFSC[8]. Please drag and drop to the column of the right the indicators that you consider of relevance for obesity/NCDs. Then, rank them based on their level of importance. You can leave in the column of the left the indicators that, according to you, are not applicable for obesity/NCDs. [Rank 8] | AP1: ObesityFSC[9]. Please drag and drop to the column of the right the indicators that you consider of relevance for obesity/NCDs. Then, rank them based on their level of importance. You can leave in the column of the left the indicators that, according to you, are not applicable for obesity/NCDs. [Rank 9] | AQ1: ObesityFSC[10]. Please drag and drop to the column of the right the indicators that you consider of relevance for obesity/NCDs. Then, rank them based on their level of importance. You can leave in the column of the left the indicators that, according to you, are not applicable for obesity/NCDs. [Rank 10] | AR1: ObesityFSC[11]. Please drag and drop to the column of the right the indicators that you consider of relevance for obesity/NCDs. Then, rank them based on their level of importance. You can leave in the column of the left the indicators that, according to you, are not applicable for obesity/NCDs. [Rank 11] | AS1: ObesityFSC[12]. Please drag and drop to the column of the right the indicators that you consider of relevance for obesity/NCDs. Then, rank them based on their level of importance. You can leave in the column of the left the indicators that, according to you, are not applicable for obesity/NCDs. [Rank 12] | AT1: ObesityFSC[13]. Please drag and drop to the column of the right the indicators that you consider of relevance for obesity/NCDs. Then, rank them based on their level of importance. You can leave in the column of the left the indicators that, according to you, are not applicable for obesity/NCDs. [Rank 13] | AU1: ObesityFSC[14]. Please drag and drop to the column of the right the indicators that you consider of relevance for obesity/NCDs. Then, rank them based on their level of importance. You can leave in the column of the left the indicators that, according to you, are not applicable for obesity/NCDs. [Rank 14] | AV1: ObesityFSC[15]. Please drag and drop to the column of the right the indicators that you consider of relevance for obesity/NCDs. Then, rank them based on their level of importance. You can leave in the column of the left the indicators that, according to you, are not applicable for obesity/NCDs. [Rank 15] | AW1: ObesityFSC[16]. Please drag and drop to the column of the right the indicators that you consider of relevance for obesity/NCDs. Then, rank them based on their level of importance. You can leave in the column of the left the indicators that, according to you, are not applicable for obesity/NCDs. [Rank 16] | AX1: ObesityFSC[17]. Please drag and drop to the column of the right the indicators that you consider of relevance for obesity/NCDs. Then, rank them based on their level of importance. You can leave in the column of the left the indicators that, according to you, are not applicable for obesity/NCDs. [Rank 17] | AY1: ObesityFSC[18]. Please drag and drop to the column of the right the indicators that you consider of relevance for obesity/NCDs. Then, rank them based on their level of importance. You can leave in the column of the left the indicators that, according to you, are not applicable for obesity/NCDs. [Rank 18] | AZ1: ObesityFSC[19]. Please drag and drop to the column of the right the indicators that you consider of relevance for obesity/NCDs. Then, rank them based on their level of importance. You can leave in the column of the left the indicators that, according to you, are not applicable for obesity/NCDs. [Rank 19] | BA1: ObesityFSC[20]. Please drag and drop to the column of the right the indicators that you consider of relevance for obesity/NCDs. Then, rank them based on their level of importance. You can leave in the column of the left the indicators that, according to you, are not applicable for obesity/NCDs. [Rank 20] | BB1: ObesityFSC[21]. Please drag and drop to the column of the right the indicators that you consider of relevance for obesity/NCDs. Then, rank them based on their level of importance. You can leave in the column of the left the indicators that, according to you, are not applicable for obesity/NCDs. [Rank 21] | BC1: ObesityFSC[22]. Please drag and drop to the column of the right the indicators that you consider of relevance for obesity/NCDs. Then, rank them based on their level of importance. You can leave in the column of the left the indicators that, according to you, are not applicable for obesity/NCDs. [Rank 22] | BD1: ObesityFSC[23]. Please drag and drop to the column of the right the indicators that you consider of relevance for obesity/NCDs. Then, rank them based on their level of importance. You can leave in the column of the left the indicators that, according to you, are not applicable for obesity/NCDs. [Rank 23] | BE1: ObesityFSC[24]. Please drag and drop to the column of the right the indicators that you consider of relevance for obesity/NCDs. Then, rank them based on their level of importance. You can leave in the column of the left the indicators that, according to you, are not applicable for obesity/NCDs. [Rank 24] | BF1: ObesityFSC[25]. Please drag and drop to the column of the right the indicators that you consider of relevance for obesity/NCDs. Then, rank them based on their level of importance. You can leave in the column of the left the indicators that, according to you, are not applicable for obesity/NCDs. [Rank 25] | BG1: ObesityFSC[26]. Please drag and drop to the column of the right the indicators that you consider of relevance for obesity/NCDs. Then, rank them based on their level of importance. You can leave in the column of the left the indicators that, according to you, are not applicable for obesity/NCDs. [Rank 26] | BH1: ObesityFSC[27]. Please drag and drop to the column of the right the indicators that you consider of relevance for obesity/NCDs. Then, rank them based on their level of importance. You can leave in the column of the left the indicators that, according to you, are not applicable for obesity/NCDs. [Rank 27] | BI1: SustainabilityFSC[1]. Please drag and drop to the column of the right the indicators that you consider of relevance for environmental sustainability. Then, rank them based on their level of importance. You can leave in the column of the left the indicators that, according to you, are not applicable for environmental sustainability. [Rank 1] | BJ1: SustainabilityFSC[2]. Please drag and drop to the column of the right the indicators that you consider of relevance for environmental sustainability. Then, rank them based on their level of importance. You can leave in the column of the left the indicators that, according to you, are not applicable for environmental sustainability. [Rank 2] | BK1: SustainabilityFSC[3]. Please drag and drop to the column of the right the indicators that you consider of relevance for environmental sustainability. Then, rank them based on their level of importance. You can leave in the column of the left the indicators that, according to you, are not applicable for environmental sustainability. [Rank 3] | BL1: SustainabilityFSC[4]. Please drag and drop to the column of the right the indicators that you consider of relevance for environmental sustainability. Then, rank them based on their level of importance. You can leave in the column of the left the indicators that, according to you, are not applicable for environmental sustainability. [Rank 4] | BM1: SustainabilityFSC[5]. Please drag and drop to the column of the right the indicators that you consider of relevance for environmental sustainability. Then, rank them based on their level of importance. You can leave in the column of the left the indicators that, according to you, are not applicable for environmental sustainability. [Rank 5] | BN1: SustainabilityFSC[6]. Please drag and drop to the column of the right the indicators that you consider of relevance for environmental sustainability. Then, rank them based on their level of importance. You can leave in the column of the left the indicators that, according to you, are not applicable for environmental sustainability. [Rank 6] | BO1: SustainabilityFSC[7]. Please drag and drop to the column of the right the indicators that you consider of relevance for environmental sustainability. Then, rank them based on their level of importance. You can leave in the column of the left the indicators that, according to you, are not applicable for environmental sustainability. [Rank 7] | BP1: SustainabilityFSC[8]. Please drag and drop to the column of the right the indicators that you consider of relevance for environmental sustainability. Then, rank them based on their level of importance. You can leave in the column of the left the indicators that, according to you, are not applicable for environmental sustainability. [Rank 8] | BQ1: SustainabilityFSC[9]. Please drag and drop to the column of the right the indicators that you consider of relevance for environmental sustainability. Then, rank them based on their level of importance. You can leave in the column of the left the indicators that, according to you, are not applicable for environmental sustainability. [Rank 9] | BR1: SustainabilityFSC[10]. Please drag and drop to the column of the right the indicators that you consider of relevance for environmental sustainability. Then, rank them based on their level of importance. You can leave in the column of the left the indicators that, according to you, are not applicable for environmental sustainability. [Rank 10] | BS1: SustainabilityFSC[11]. Please drag and drop to the column of the right the indicators that you consider of relevance for environmental sustainability. Then, rank them based on their level of importance. You can leave in the column of the left the indicators that, according to you, are not applicable for environmental sustainability. [Rank 11] | BT1: SustainabilityFSC[12]. Please drag and drop to the column of the right the indicators that you consider of relevance for environmental sustainability. Then, rank them based on their level of importance. You can leave in the column of the left the indicators that, according to you, are not applicable for environmental sustainability. [Rank 12] | BU1: SustainabilityFSC[13]. Please drag and drop to the column of the right the indicators that you consider of relevance for environmental sustainability. Then, rank them based on their level of importance. You can leave in the column of the left the indicators that, according to you, are not applicable for environmental sustainability. [Rank 13] | BV1: SustainabilityFSC[14]. Please drag and drop to the column of the right the indicators that you consider of relevance for environmental sustainability. Then, rank them based on their level of importance. You can leave in the column of the left the indicators that, according to you, are not applicable for environmental sustainability. [Rank 14] | BW1: SustainabilityFSC[15]. Please drag and drop to the column of the right the indicators that you consider of relevance for environmental sustainability. Then, rank them based on their level of importance. You can leave in the column of the left the indicators that, according to you, are not applicable for environmental sustainability. [Rank 15] | BX1: SustainabilityFSC[16]. Please drag and drop to the column of the right the indicators that you consider of relevance for environmental sustainability. Then, rank them based on their level of importance. You can leave in the column of the left the indicators that, according to you, are not applicable for environmental sustainability. [Rank 16] | BY1: SustainabilityFSC[17]. Please drag and drop to the column of the right the indicators that you consider of relevance for environmental sustainability. Then, rank them based on their level of importance. You can leave in the column of the left the indicators that, according to you, are not applicable for environmental sustainability. [Rank 17] | BZ1: SustainabilityFSC[18]. Please drag and drop to the column of the right the indicators that you consider of relevance for environmental sustainability. Then, rank them based on their level of importance. You can leave in the column of the left the indicators that, according to you, are not applicable for environmental sustainability. [Rank 18] | CA1: SustainabilityFSC[19]. Please drag and drop to the column of the right the indicators that you consider of relevance for environmental sustainability. Then, rank them based on their level of importance. You can leave in the column of the left the indicators that, according to you, are not applicable for environmental sustainability. [Rank 19] | CB1: SustainabilityFSC[20]. Please drag and drop to the column of the right the indicators that you consider of relevance for environmental sustainability. Then, rank them based on their level of importance. You can leave in the column of the left the indicators that, according to you, are not applicable for environmental sustainability. [Rank 20] | CC1: SustainabilityFSC[21]. Please drag and drop to the column of the right the indicators that you consider of relevance for environmental sustainability. Then, rank them based on their level of importance. You can leave in the column of the left the indicators that, according to you, are not applicable for environmental sustainability. [Rank 21] | CD1: SustainabilityFSC[22]. Please drag and drop to the column of the right the indicators that you consider of relevance for environmental sustainability. Then, rank them based on their level of importance. You can leave in the column of the left the indicators that, according to you, are not applicable for environmental sustainability. [Rank 22] | CE1: SustainabilityFSC[23]. Please drag and drop to the column of the right the indicators that you consider of relevance for environmental sustainability. Then, rank them based on their level of importance. You can leave in the column of the left the indicators that, according to you, are not applicable for environmental sustainability. [Rank 23] | CF1: SustainabilityFSC[24]. Please drag and drop to the column of the right the indicators that you consider of relevance for environmental sustainability. Then, rank them based on their level of importance. You can leave in the column of the left the indicators that, according to you, are not applicable for environmental sustainability. [Rank 24] | CG1: SustainabilityFSC[25]. Please drag and drop to the column of the right the indicators that you consider of relevance for environmental sustainability. Then, rank them based on their level of importance. You can leave in the column of the left the indicators that, according to you, are not applicable for environmental sustainability. [Rank 25] | CH1: SustainabilityFSC[26]. Please drag and drop to the column of the right the indicators that you consider of relevance for environmental sustainability. Then, rank them based on their level of importance. You can leave in the column of the left the indicators that, according to you, are not applicable for environmental sustainability. [Rank 26] | CI1: SustainabilityFSC[27]. Please drag and drop to the column of the right the indicators that you consider of relevance for environmental sustainability. Then, rank them based on their level of importance. You can leave in the column of the left the indicators that, according to you, are not applicable for environmental sustainability. [Rank 27] | CJ1: InequalitiesFSC[1]. Please drag and drop to the column of the right the indicators that you consider of relevance for nutritional inequalities. Then, rank them based on their level of importance. You can leave in the column of the left the indicators that, according to you, are not applicable for nutritional inequalities. [Rank 1] | CK1: InequalitiesFSC[2]. Please drag and drop to the column of the right the indicators that you consider of relevance for nutritional inequalities. Then, rank them based on their level of importance. You can leave in the column of the left the indicators that, according to you, are not applicable for nutritional inequalities. [Rank 2] | CL1: InequalitiesFSC[3]. Please drag and drop to the column of the right the indicators that you consider of relevance for nutritional inequalities. Then, rank them based on their level of importance. You can leave in the column of the left the indicators that, according to you, are not applicable for nutritional inequalities. [Rank 3] | CM1: InequalitiesFSC[4]. Please drag and drop to the column of the right the indicators that you consider of relevance for nutritional inequalities. Then, rank them based on their level of importance. You can leave in the column of the left the indicators that, according to you, are not applicable for nutritional inequalities. [Rank 4] | CN1: InequalitiesFSC[5]. Please drag and drop to the column of the right the indicators that you consider of relevance for nutritional inequalities. Then, rank them based on their level of importance. You can leave in the column of the left the indicators that, according to you, are not applicable for nutritional inequalities. [Rank 5] | CO1: InequalitiesFSC[6]. Please drag and drop to the column of the right the indicators that you consider of relevance for nutritional inequalities. Then, rank them based on their level of importance. You can leave in the column of the left the indicators that, according to you, are not applicable for nutritional inequalities. [Rank 6] | CP1: InequalitiesFSC[7]. Please drag and drop to the column of the right the indicators that you consider of relevance for nutritional inequalities. Then, rank them based on their level of importance. You can leave in the column of the left the indicators that, according to you, are not applicable for nutritional inequalities. [Rank 7] | CQ1: InequalitiesFSC[8]. Please drag and drop to the column of the right the indicators that you consider of relevance for nutritional inequalities. Then, rank them based on their level of importance. You can leave in the column of the left the indicators that, according to you, are not applicable for nutritional inequalities. [Rank 8] | CR1: InequalitiesFSC[9]. Please drag and drop to the column of the right the indicators that you consider of relevance for nutritional inequalities. Then, rank them based on their level of importance. You can leave in the column of the left the indicators that, according to you, are not applicable for nutritional inequalities. [Rank 9] | CS1: InequalitiesFSC[10]. Please drag and drop to the column of the right the indicators that you consider of relevance for nutritional inequalities. Then, rank them based on their level of importance. You can leave in the column of the left the indicators that, according to you, are not applicable for nutritional inequalities. [Rank 10] | CT1: InequalitiesFSC[11]. Please drag and drop to the column of the right the indicators that you consider of relevance for nutritional inequalities. Then, rank them based on their level of importance. You can leave in the column of the left the indicators that, according to you, are not applicable for nutritional inequalities. [Rank 11] | CU1: InequalitiesFSC[12]. Please drag and drop to the column of the right the indicators that you consider of relevance for nutritional inequalities. Then, rank them based on their level of importance. You can leave in the column of the left the indicators that, according to you, are not applicable for nutritional inequalities. [Rank 12] | CV1: InequalitiesFSC[13]. Please drag and drop to the column of the right the indicators that you consider of relevance for nutritional inequalities. Then, rank them based on their level of importance. You can leave in the column of the left the indicators that, according to you, are not applicable for nutritional inequalities. [Rank 13] | CW1: InequalitiesFSC[14]. Please drag and drop to the column of the right the indicators that you consider of relevance for nutritional inequalities. Then, rank them based on their level of importance. You can leave in the column of the left the indicators that, according to you, are not applicable for nutritional inequalities. [Rank 14] | CX1: InequalitiesFSC[15]. Please drag and drop to the column of the right the indicators that you consider of relevance for nutritional inequalities. Then, rank them based on their level of importance. You can leave in the column of the left the indicators that, according to you, are not applicable for nutritional inequalities. [Rank 15] | CY1: InequalitiesFSC[16]. Please drag and drop to the column of the right the indicators that you consider of relevance for nutritional inequalities. Then, rank them based on their level of importance. You can leave in the column of the left the indicators that, according to you, are not applicable for nutritional inequalities. [Rank 16] | CZ1: InequalitiesFSC[17]. Please drag and drop to the column of the right the indicators that you consider of relevance for nutritional inequalities. Then, rank them based on their level of importance. You can leave in the column of the left the indicators that, according to you, are not applicable for nutritional inequalities. [Rank 17] | DA1: InequalitiesFSC[18]. Please drag and drop to the column of the right the indicators that you consider of relevance for nutritional inequalities. Then, rank them based on their level of importance. You can leave in the column of the left the indicators that, according to you, are not applicable for nutritional inequalities. [Rank 18] | DB1: InequalitiesFSC[19]. Please drag and drop to the column of the right the indicators that you consider of relevance for nutritional inequalities. Then, rank them based on their level of importance. You can leave in the column of the left the indicators that, according to you, are not applicable for nutritional inequalities. [Rank 19] | DC1: InequalitiesFSC[20]. Please drag and drop to the column of the right the indicators that you consider of relevance for nutritional inequalities. Then, rank them based on their level of importance. You can leave in the column of the left the indicators that, according to you, are not applicable for nutritional inequalities. [Rank 20] | DD1: InequalitiesFSC[21]. Please drag and drop to the column of the right the indicators that you consider of relevance for nutritional inequalities. Then, rank them based on their level of importance. You can leave in the column of the left the indicators that, according to you, are not applicable for nutritional inequalities. [Rank 21] | DE1: InequalitiesFSC[22]. Please drag and drop to the column of the right the indicators that you consider of relevance for nutritional inequalities. Then, rank them based on their level of importance. You can leave in the column of the left the indicators that, according to you, are not applicable for nutritional inequalities. [Rank 22] | DF1: InequalitiesFSC[23]. Please drag and drop to the column of the right the indicators that you consider of relevance for nutritional inequalities. Then, rank them based on their level of importance. You can leave in the column of the left the indicators that, according to you, are not applicable for nutritional inequalities. [Rank 23] | DG1: InequalitiesFSC[24]. Please drag and drop to the column of the right the indicators that you consider of relevance for nutritional inequalities. Then, rank them based on their level of importance. You can leave in the column of the left the indicators that, according to you, are not applicable for nutritional inequalities. [Rank 24] | DH1: InequalitiesFSC[25]. Please drag and drop to the column of the right the indicators that you consider of relevance for nutritional inequalities. Then, rank them based on their level of importance. You can leave in the column of the left the indicators that, according to you, are not applicable for nutritional inequalities. [Rank 25] | DI1: InequalitiesFSC[26]. Please drag and drop to the column of the right the indicators that you consider of relevance for nutritional inequalities. Then, rank them based on their level of importance. You can leave in the column of the left the indicators that, according to you, are not applicable for nutritional inequalities. [Rank 26] | DJ1: InequalitiesFSC[27]. Please drag and drop to the column of the right the indicators that you consider of relevance for nutritional inequalities. Then, rank them based on their level of importance. You can leave in the column of the left the indicators that, according to you, are not applicable for nutritional inequalities. [Rank 27] | DK1: WomenFSC[1]. Please drag and drop to the column of the right the indicators that you consider of relevance for women's empowerment. Then, rank them based on their level of importance. You can leave in the column of the left the indicators that, according to you, are not applicable for women's empowerment. [Rank 1] | DL1: WomenFSC[2]. Please drag and drop to the column of the right the indicators that you consider of relevance for women's empowerment. Then, rank them based on their level of importance. You can leave in the column of the left the indicators that, according to you, are not applicable for women's empowerment. [Rank 2] | DM1: WomenFSC[3]. Please drag and drop to the column of the right the indicators that you consider of relevance for women's empowerment. Then, rank them based on their level of importance. You can leave in the column of the left the indicators that, according to you, are not applicable for women's empowerment. [Rank 3] | DN1: WomenFSC[4]. Please drag and drop to the column of the right the indicators that you consider of relevance for women's empowerment. Then, rank them based on their level of importance. You can leave in the column of the left the indicators that, according to you, are not applicable for women's empowerment. [Rank 4] | DO1: WomenFSC[5]. Please drag and drop to the column of the right the indicators that you consider of relevance for women's empowerment. Then, rank them based on their level of importance. You can leave in the column of the left the indicators that, according to you, are not applicable for women's empowerment. [Rank 5] | DP1: WomenFSC[6]. Please drag and drop to the column of the right the indicators that you consider of relevance for women's empowerment. Then, rank them based on their level of importance. You can leave in the column of the left the indicators that, according to you, are not applicable for women's empowerment. [Rank 6] | DQ1: WomenFSC[7]. Please drag and drop to the column of the right the indicators that you consider of relevance for women's empowerment. Then, rank them based on their level of importance. You can leave in the column of the left the indicators that, according to you, are not applicable for women's empowerment. [Rank 7] | DR1: WomenFSC[8]. Please drag and drop to the column of the right the indicators that you consider of relevance for women's empowerment. Then, rank them based on their level of importance. You can leave in the column of the left the indicators that, according to you, are not applicable for women's empowerment. [Rank 8] | DS1: WomenFSC[9]. Please drag and drop to the column of the right the indicators that you consider of relevance for women's empowerment. Then, rank them based on their level of importance. You can leave in the column of the left the indicators that, according to you, are not applicable for women's empowerment. [Rank 9] | DT1: WomenFSC[10]. Please drag and drop to the column of the right the indicators that you consider of relevance for women's empowerment. Then, rank them based on their level of importance. You can leave in the column of the left the indicators that, according to you, are not applicable for women's empowerment. [Rank 10] | DU1: WomenFSC[11]. Please drag and drop to the column of the right the indicators that you consider of relevance for women's empowerment. Then, rank them based on their level of importance. You can leave in the column of the left the indicators that, according to you, are not applicable for women's empowerment. [Rank 11] | DV1: WomenFSC[12]. Please drag and drop to the column of the right the indicators that you consider of relevance for women's empowerment. Then, rank them based on their level of importance. You can leave in the column of the left the indicators that, according to you, are not applicable for women's empowerment. [Rank 12] | DW1: WomenFSC[13]. Please drag and drop to the column of the right the indicators that you consider of relevance for women's empowerment. Then, rank them based on their level of importance. You can leave in the column of the left the indicators that, according to you, are not applicable for women's empowerment. [Rank 13] | DX1: WomenFSC[14]. Please drag and drop to the column of the right the indicators that you consider of relevance for women's empowerment. Then, rank them based on their level of importance. You can leave in the column of the left the indicators that, according to you, are not applicable for women's empowerment. [Rank 14] | DY1: WomenFSC[15]. Please drag and drop to the column of the right the indicators that you consider of relevance for women's empowerment. Then, rank them based on their level of importance. You can leave in the column of the left the indicators that, according to you, are not applicable for women's empowerment. [Rank 15] | DZ1: WomenFSC[16]. Please drag and drop to the column of the right the indicators that you consider of relevance for women's empowerment. Then, rank them based on their level of importance. You can leave in the column of the left the indicators that, according to you, are not applicable for women's empowerment. [Rank 16] | EA1: WomenFSC[17]. Please drag and drop to the column of the right the indicators that you consider of relevance for women's empowerment. Then, rank them based on their level of importance. You can leave in the column of the left the indicators that, according to you, are not applicable for women's empowerment. [Rank 17] | EB1: WomenFSC[18]. Please drag and drop to the column of the right the indicators that you consider of relevance for women's empowerment. Then, rank them based on their level of importance. You can leave in the column of the left the indicators that, according to you, are not applicable for women's empowerment. [Rank 18] | EC1: WomenFSC[19]. Please drag and drop to the column of the right the indicators that you consider of relevance for women's empowerment. Then, rank them based on their level of importance. You can leave in the column of the left the indicators that, according to you, are not applicable for women's empowerment. [Rank 19] | ED1: WomenFSC[20]. Please drag and drop to the column of the right the indicators that you consider of relevance for women's empowerment. Then, rank them based on their level of importance. You can leave in the column of the left the indicators that, according to you, are not applicable for women's empowerment. [Rank 20] | EE1: WomenFSC[21]. Please drag and drop to the column of the right the indicators that you consider of relevance for women's empowerment. Then, rank them based on their level of importance. You can leave in the column of the left the indicators that, according to you, are not applicable for women's empowerment. [Rank 21] | EF1: WomenFSC[22]. Please drag and drop to the column of the right the indicators that you consider of relevance for women's empowerment. Then, rank them based on their level of importance. You can leave in the column of the left the indicators that, according to you, are not applicable for women's empowerment. [Rank 22] | EG1: WomenFSC[23]. Please drag and drop to the column of the right the indicators that you consider of relevance for women's empowerment. Then, rank them based on their level of importance. You can leave in the column of the left the indicators that, according to you, are not applicable for women's empowerment. [Rank 23] | EH1: WomenFSC[24]. Please drag and drop to the column of the right the indicators that you consider of relevance for women's empowerment. Then, rank them based on their level of importance. You can leave in the column of the left the indicators that, according to you, are not applicable for women's empowerment. [Rank 24] | EI1: WomenFSC[25]. Please drag and drop to the column of the right the indicators that you consider of relevance for women's empowerment. Then, rank them based on their level of importance. You can leave in the column of the left the indicators that, according to you, are not applicable for women's empowerment. [Rank 25] | EJ1: WomenFSC[26]. Please drag and drop to the column of the right the indicators that you consider of relevance for women's empowerment. Then, rank them based on their level of importance. You can leave in the column of the left the indicators that, according to you, are not applicable for women's empowerment. [Rank 26] | EK1: WomenFSC[27]. Please drag and drop to the column of the right the indicators that you consider of relevance for women's empowerment. Then, rank them based on their level of importance. You can leave in the column of the left the indicators that, according to you, are not applicable for women's empowerment. [Rank 27] | EL1: UndernutritionFE[1]. Please drag and drop to the column of the right the indicators that you consider of relevance for undernutrition. Then, rank them based on their level of importance. You can leave in the column of the left the indicators that, according to you, are not applicable for undernutrition. [Rank 1] | EM1: UndernutritionFE[2]. Please drag and drop to the column of the right the indicators that you consider of relevance for undernutrition. Then, rank them based on their level of importance. You can leave in the column of the left the indicators that, according to you, are not applicable for undernutrition. [Rank 2] | EN1: UndernutritionFE[3]. Please drag and drop to the column of the right the indicators that you consider of relevance for undernutrition. Then, rank them based on their level of importance. You can leave in the column of the left the indicators that, according to you, are not applicable for undernutrition. [Rank 3] | EO1: UndernutritionFE[4]. Please drag and drop to the column of the right the indicators that you consider of relevance for undernutrition. Then, rank them based on their level of importance. You can leave in the column of the left the indicators that, according to you, are not applicable for undernutrition. [Rank 4] | EP1: UndernutritionFE[5]. Please drag and drop to the column of the right the indicators that you consider of relevance for undernutrition. Then, rank them based on their level of importance. You can leave in the column of the left the indicators that, according to you, are not applicable for undernutrition. [Rank 5] | EQ1: UndernutritionFE[6]. Please drag and drop to the column of the right the indicators that you consider of relevance for undernutrition. Then, rank them based on their level of importance. You can leave in the column of the left the indicators that, according to you, are not applicable for undernutrition. [Rank 6] | ER1: UndernutritionFE[7]. Please drag and drop to the column of the right the indicators that you consider of relevance for undernutrition. Then, rank them based on their level of importance. You can leave in the column of the left the indicators that, according to you, are not applicable for undernutrition. [Rank 7] | ES1: UndernutritionFE[8]. Please drag and drop to the column of the right the indicators that you consider of relevance for undernutrition. Then, rank them based on their level of importance. You can leave in the column of the left the indicators that, according to you, are not applicable for undernutrition. [Rank 8] | ET1: UndernutritionFE[9]. Please drag and drop to the column of the right the indicators that you consider of relevance for undernutrition. Then, rank them based on their level of importance. You can leave in the column of the left the indicators that, according to you, are not applicable for undernutrition. [Rank 9] | EU1: UndernutritionFE[10]. Please drag and drop to the column of the right the indicators that you consider of relevance for undernutrition. Then, rank them based on their level of importance. You can leave in the column of the left the indicators that, according to you, are not applicable for undernutrition. [Rank 10] | EV1: UndernutritionFE[11]. Please drag and drop to the column of the right the indicators that you consider of relevance for undernutrition. Then, rank them based on their level of importance. You can leave in the column of the left the indicators that, according to you, are not applicable for undernutrition. [Rank 11] | EW1: UndernutritionFE[12]. Please drag and drop to the column of the right the indicators that you consider of relevance for undernutrition. Then, rank them based on their level of importance. You can leave in the column of the left the indicators that, according to you, are not applicable for undernutrition. [Rank 12] | EX1: UndernutritionFE[13]. Please drag and drop to the column of the right the indicators that you consider of relevance for undernutrition. Then, rank them based on their level of importance. You can leave in the column of the left the indicators that, according to you, are not applicable for undernutrition. [Rank 13] | EY1: UndernutritionFE[14]. Please drag and drop to the column of the right the indicators that you consider of relevance for undernutrition. Then, rank them based on their level of importance. You can leave in the column of the left the indicators that, according to you, are not applicable for undernutrition. [Rank 14] | EZ1: UndernutritionFE[15]. Please drag and drop to the column of the right the indicators that you consider of relevance for undernutrition. Then, rank them based on their level of importance. You can leave in the column of the left the indicators that, according to you, are not applicable for undernutrition. [Rank 15] | FA1: UndernutritionFE[16]. Please drag and drop to the column of the right the indicators that you consider of relevance for undernutrition. Then, rank them based on their level of importance. You can leave in the column of the left the indicators that, according to you, are not applicable for undernutrition. [Rank 16] | FB1: UndernutritionFE[17]. Please drag and drop to the column of the right the indicators that you consider of relevance for undernutrition. Then, rank them based on their level of importance. You can leave in the column of the left the indicators that, according to you, are not applicable for undernutrition. [Rank 17] | FC1: ObesityFE[1]. Please drag and drop to the column of the right the indicators that you consider of relevance for obesity/NCDs. Then, rank them based on their level of importance. You can leave in the column of the left the indicators that, according to you, are not applicable for obesity/NCDs. [Rank 1] | FD1: ObesityFE[2]. Please drag and drop to the column of the right the indicators that you consider of relevance for obesity/NCDs. Then, rank them based on their level of importance. You can leave in the column of the left the indicators that, according to you, are not applicable for obesity/NCDs. [Rank 2] | FE1: ObesityFE[3]. Please drag and drop to the column of the right the indicators that you consider of relevance for obesity/NCDs. Then, rank them based on their level of importance. You can leave in the column of the left the indicators that, according to you, are not applicable for obesity/NCDs. [Rank 3] | FF1: ObesityFE[4]. Please drag and drop to the column of the right the indicators that you consider of relevance for obesity/NCDs. Then, rank them based on their level of importance. You can leave in the column of the left the indicators that, according to you, are not applicable for obesity/NCDs. [Rank 4] | FG1: ObesityFE[5]. Please drag and drop to the column of the right the indicators that you consider of relevance for obesity/NCDs. Then, rank them based on their level of importance. You can leave in the column of the left the indicators that, according to you, are not applicable for obesity/NCDs. [Rank 5] | FH1: ObesityFE[6]. Please drag and drop to the column of the right the indicators that you consider of relevance for obesity/NCDs. Then, rank them based on their level of importance. You can leave in the column of the left the indicators that, according to you, are not applicable for obesity/NCDs. [Rank 6] | FI1: ObesityFE[7]. Please drag and drop to the column of the right the indicators that you consider of relevance for obesity/NCDs. Then, rank them based on their level of importance. You can leave in the column of the left the indicators that, according to you, are not applicable for obesity/NCDs. [Rank 7] | FJ1: ObesityFE[8]. Please drag and drop to the column of the right the indicators that you consider of relevance for obesity/NCDs. Then, rank them based on their level of importance. You can leave in the column of the left the indicators that, according to you, are not applicable for obesity/NCDs. [Rank 8] | FK1: ObesityFE[9]. Please drag and drop to the column of the right the indicators that you consider of relevance for obesity/NCDs. Then, rank them based on their level of importance. You can leave in the column of the left the indicators that, according to you, are not applicable for obesity/NCDs. [Rank 9] | FL1: ObesityFE[10]. Please drag and drop to the column of the right the indicators that you consider of relevance for obesity/NCDs. Then, rank them based on their level of importance. You can leave in the column of the left the indicators that, according to you, are not applicable for obesity/NCDs. [Rank 10] | FM1: ObesityFE[11]. Please drag and drop to the column of the right the indicators that you consider of relevance for obesity/NCDs. Then, rank them based on their level of importance. You can leave in the column of the left the indicators that, according to you, are not applicable for obesity/NCDs. [Rank 11] | FN1: ObesityFE[12]. Please drag and drop to the column of the right the indicators that you consider of relevance for obesity/NCDs. Then, rank them based on their level of importance. You can leave in the column of the left the indicators that, according to you, are not applicable for obesity/NCDs. [Rank 12] | FO1: ObesityFE[13]. Please drag and drop to the column of the right the indicators that you consider of relevance for obesity/NCDs. Then, rank them based on their level of importance. You can leave in the column of the left the indicators that, according to you, are not applicable for obesity/NCDs. [Rank 13] | FP1: ObesityFE[14]. Please drag and drop to the column of the right the indicators that you consider of relevance for obesity/NCDs. Then, rank them based on their level of importance. You can leave in the column of the left the indicators that, according to you, are not applicable for obesity/NCDs. [Rank 14] | FQ1: ObesityFE[15]. Please drag and drop to the column of the right the indicators that you consider of relevance for obesity/NCDs. Then, rank them based on their level of importance. You can leave in the column of the left the indicators that, according to you, are not applicable for obesity/NCDs. [Rank 15] | FR1: ObesityFE[16]. Please drag and drop to the column of the right the indicators that you consider of relevance for obesity/NCDs. Then, rank them based on their level of importance. You can leave in the column of the left the indicators that, according to you, are not applicable for obesity/NCDs. [Rank 16] | FS1: ObesityFE[17]. Please drag and drop to the column of the right the indicators that you consider of relevance for obesity/NCDs. Then, rank them based on their level of importance. You can leave in the column of the left the indicators that, according to you, are not applicable for obesity/NCDs. [Rank 17] | FT1: SustainabilityFE[1]. Please drag and drop to the column of the right the indicators that you consider of relevance for environmental sustainability. Then, rank them based on their level of importance. You can leave in the column of the left the indicators that, according to you, are not applicable for environmental sustainability. [Rank 1] | FU1: SustainabilityFE[2]. Please drag and drop to the column of the right the indicators that you consider of relevance for environmental sustainability. Then, rank them based on their level of importance. You can leave in the column of the left the indicators that, according to you, are not applicable for environmental sustainability. [Rank 2] | FV1: SustainabilityFE[3]. Please drag and drop to the column of the right the indicators that you consider of relevance for environmental sustainability. Then, rank them based on their level of importance. You can leave in the column of the left the indicators that, according to you, are not applicable for environmental sustainability. [Rank 3] | FW1: SustainabilityFE[4]. Please drag and drop to the column of the right the indicators that you consider of relevance for environmental sustainability. Then, rank them based on their level of importance. You can leave in the column of the left the indicators that, according to you, are not applicable for environmental sustainability. [Rank 4] | FX1: SustainabilityFE[5]. Please drag and drop to the column of the right the indicators that you consider of relevance for environmental sustainability. Then, rank them based on their level of importance. You can leave in the column of the left the indicators that, according to you, are not applicable for environmental sustainability. [Rank 5] | FY1: SustainabilityFE[6]. Please drag and drop to the column of the right the indicators that you consider of relevance for environmental sustainability. Then, rank them based on their level of importance. You can leave in the column of the left the indicators that, according to you, are not applicable for environmental sustainability. [Rank 6] | FZ1: SustainabilityFE[7]. Please drag and drop to the column of the right the indicators that you consider of relevance for environmental sustainability. Then, rank them based on their level of importance. You can leave in the column of the left the indicators that, according to you, are not applicable for environmental sustainability. [Rank 7] | GA1: SustainabilityFE[8]. Please drag and drop to the column of the right the indicators that you consider of relevance for environmental sustainability. Then, rank them based on their level of importance. You can leave in the column of the left the indicators that, according to you, are not applicable for environmental sustainability. [Rank 8] | GB1: SustainabilityFE[9]. Please drag and drop to the column of the right the indicators that you consider of relevance for environmental sustainability. Then, rank them based on their level of importance. You can leave in the column of the left the indicators that, according to you, are not applicable for environmental sustainability. [Rank 9] | GC1: SustainabilityFE[10]. Please drag and drop to the column of the right the indicators that you consider of relevance for environmental sustainability. Then, rank them based on their level of importance. You can leave in the column of the left the indicators that, according to you, are not applicable for environmental sustainability. [Rank 10] | GD1: SustainabilityFE[11]. Please drag and drop to the column of the right the indicators that you consider of relevance for environmental sustainability. Then, rank them based on their level of importance. You can leave in the column of the left the indicators that, according to you, are not applicable for environmental sustainability. [Rank 11] | GE1: SustainabilityFE[12]. Please drag and drop to the column of the right the indicators that you consider of relevance for environmental sustainability. Then, rank them based on their level of importance. You can leave in the column of the left the indicators that, according to you, are not applicable for environmental sustainability. [Rank 12] | GF1: SustainabilityFE[13]. Please drag and drop to the column of the right the indicators that you consider of relevance for environmental sustainability. Then, rank them based on their level of importance. You can leave in the column of the left the indicators that, according to you, are not applicable for environmental sustainability. [Rank 13] | GG1: SustainabilityFE[14]. Please drag and drop to the column of the right the indicators that you consider of relevance for environmental sustainability. Then, rank them based on their level of importance. You can leave in the column of the left the indicators that, according to you, are not applicable for environmental sustainability. [Rank 14] | GH1: SustainabilityFE[15]. Please drag and drop to the column of the right the indicators that you consider of relevance for environmental sustainability. Then, rank them based on their level of importance. You can leave in the column of the left the indicators that, according to you, are not applicable for environmental sustainability. [Rank 15] | GI1: SustainabilityFE[16]. Please drag and drop to the column of the right the indicators that you consider of relevance for environmental sustainability. Then, rank them based on their level of importance. You can leave in the column of the left the indicators that, according to you, are not applicable for environmental sustainability. [Rank 16] | GJ1: SustainabilityFE[17]. Please drag and drop to the column of the right the indicators that you consider of relevance for environmental sustainability. Then, rank them based on their level of importance. You can leave in the column of the left the indicators that, according to you, are not applicable for environmental sustainability. [Rank 17] | GK1: InequalitiesFE[1]. Please drag and drop to the column of the right the indicators that you consider of relevance for nutritional inequalities. Then, rank them based on their level of importance. You can leave in the column of the left the indicators that, according to you, are not applicable for nutritional inequalities. [Rank 1] | GL1: InequalitiesFE[2]. Please drag and drop to the column of the right the indicators that you consider of relevance for nutritional inequalities. Then, rank them based on their level of importance. You can leave in the column of the left the indicators that, according to you, are not applicable for nutritional inequalities. [Rank 2] | GM1: InequalitiesFE[3]. Please drag and drop to the column of the right the indicators that you consider of relevance for nutritional inequalities. Then, rank them based on their level of importance. You can leave in the column of the left the indicators that, according to you, are not applicable for nutritional inequalities. [Rank 3] | GN1: InequalitiesFE[4]. Please drag and drop to the column of the right the indicators that you consider of relevance for nutritional inequalities. Then, rank them based on their level of importance. You can leave in the column of the left the indicators that, according to you, are not applicable for nutritional inequalities. [Rank 4] | GO1: InequalitiesFE[5]. Please drag and drop to the column of the right the indicators that you consider of relevance for nutritional inequalities. Then, rank them based on their level of importance. You can leave in the column of the left the indicators that, according to you, are not applicable for nutritional inequalities. [Rank 5] | GP1: InequalitiesFE[6]. Please drag and drop to the column of the right the indicators that you consider of relevance for nutritional inequalities. Then, rank them based on their level of importance. You can leave in the column of the left the indicators that, according to you, are not applicable for nutritional inequalities. [Rank 6] | GQ1: InequalitiesFE[7]. Please drag and drop to the column of the right the indicators that you consider of relevance for nutritional inequalities. Then, rank them based on their level of importance. You can leave in the column of the left the indicators that, according to you, are not applicable for nutritional inequalities. [Rank 7] | GR1: InequalitiesFE[8]. Please drag and drop to the column of the right the indicators that you consider of relevance for nutritional inequalities. Then, rank them based on their level of importance. You can leave in the column of the left the indicators that, according to you, are not applicable for nutritional inequalities. [Rank 8] | GS1: InequalitiesFE[9]. Please drag and drop to the column of the right the indicators that you consider of relevance for nutritional inequalities. Then, rank them based on their level of importance. You can leave in the column of the left the indicators that, according to you, are not applicable for nutritional inequalities. [Rank 9] | GT1: InequalitiesFE[10]. Please drag and drop to the column of the right the indicators that you consider of relevance for nutritional inequalities. Then, rank them based on their level of importance. You can leave in the column of the left the indicators that, according to you, are not applicable for nutritional inequalities. [Rank 10] | GU1: InequalitiesFE[11]. Please drag and drop to the column of the right the indicators that you consider of relevance for nutritional inequalities. Then, rank them based on their level of importance. You can leave in the column of the left the indicators that, according to you, are not applicable for nutritional inequalities. [Rank 11] | GV1: InequalitiesFE[12]. Please drag and drop to the column of the right the indicators that you consider of relevance for nutritional inequalities. Then, rank them based on their level of importance. You can leave in the column of the left the indicators that, according to you, are not applicable for nutritional inequalities. [Rank 12] | GW1: InequalitiesFE[13]. Please drag and drop to the column of the right the indicators that you consider of relevance for nutritional inequalities. Then, rank them based on their level of importance. You can leave in the column of the left the indicators that, according to you, are not applicable for nutritional inequalities. [Rank 13] | GX1: InequalitiesFE[14]. Please drag and drop to the column of the right the indicators that you consider of relevance for nutritional inequalities. Then, rank them based on their level of importance. You can leave in the column of the left the indicators that, according to you, are not applicable for nutritional inequalities. [Rank 14] | GY1: InequalitiesFE[15]. Please drag and drop to the column of the right the indicators that you consider of relevance for nutritional inequalities. Then, rank them based on their level of importance. You can leave in the column of the left the indicators that, according to you, are not applicable for nutritional inequalities. [Rank 15] | GZ1: InequalitiesFE[16]. Please drag and drop to the column of the right the indicators that you consider of relevance for nutritional inequalities. Then, rank them based on their level of importance. You can leave in the column of the left the indicators that, according to you, are not applicable for nutritional inequalities. [Rank 16] | HA1: InequalitiesFE[17]. Please drag and drop to the column of the right the indicators that you consider of relevance for nutritional inequalities. Then, rank them based on their level of importance. You can leave in the column of the left the indicators that, according to you, are not applicable for nutritional inequalities. [Rank 17] | HB1: WomenFE[1]. Please drag and drop to the column of the right the indicators that you consider of relevance for women's empowerment. Then, rank them based on their level of importance. You can leave in the column of the left the indicators that, according to you, are not applicable for women's empowerment. [Rank 1] | HC1: WomenFE[2]. Please drag and drop to the column of the right the indicators that you consider of relevance for women's empowerment. Then, rank them based on their level of importance. You can leave in the column of the left the indicators that, according to you, are not applicable for women's empowerment. [Rank 2] | HD1: WomenFE[3]. Please drag and drop to the column of the right the indicators that you consider of relevance for women's empowerment. Then, rank them based on their level of importance. You can leave in the column of the left the indicators that, according to you, are not applicable for women's empowerment. [Rank 3] | HE1: WomenFE[4]. Please drag and drop to the column of the right the indicators that you consider of relevance for women's empowerment. Then, rank them based on their level of importance. You can leave in the column of the left the indicators that, according to you, are not applicable for women's empowerment. [Rank 4] | HF1: WomenFE[5]. Please drag and drop to the column of the right the indicators that you consider of relevance for women's empowerment. Then, rank them based on their level of importance. You can leave in the column of the left the indicators that, according to you, are not applicable for women's empowerment. [Rank 5] | HG1: WomenFE[6]. Please drag and drop to the column of the right the indicators that you consider of relevance for women's empowerment. Then, rank them based on their level of importance. You can leave in the column of the left the indicators that, according to you, are not applicable for women's empowerment. [Rank 6] | HH1: WomenFE[7]. Please drag and drop to the column of the right the indicators that you consider of relevance for women's empowerment. Then, rank them based on their level of importance. You can leave in the column of the left the indicators that, according to you, are not applicable for women's empowerment. [Rank 7] | HI1: WomenFE[8]. Please drag and drop to the column of the right the indicators that you consider of relevance for women's empowerment. Then, rank them based on their level of importance. You can leave in the column of the left the indicators that, according to you, are not applicable for women's empowerment. [Rank 8] | HJ1: WomenFE[9]. Please drag and drop to the column of the right the indicators that you consider of relevance for women's empowerment. Then, rank them based on their level of importance. You can leave in the column of the left the indicators that, according to you, are not applicable for women's empowerment. [Rank 9] | HK1: WomenFE[10]. Please drag and drop to the column of the right the indicators that you consider of relevance for women's empowerment. Then, rank them based on their level of importance. You can leave in the column of the left the indicators that, according to you, are not applicable for women's empowerment. [Rank 10] | HL1: WomenFE[11]. Please drag and drop to the column of the right the indicators that you consider of relevance for women's empowerment. Then, rank them based on their level of importance. You can leave in the column of the left the indicators that, according to you, are not applicable for women's empowerment. [Rank 11] | HM1: WomenFE[12]. Please drag and drop to the column of the right the indicators that you consider of relevance for women's empowerment. Then, rank them based on their level of importance. You can leave in the column of the left the indicators that, according to you, are not applicable for women's empowerment. [Rank 12] | HN1: WomenFE[13]. Please drag and drop to the column of the right the indicators that you consider of relevance for women's empowerment. Then, rank them based on their level of importance. You can leave in the column of the left the indicators that, according to you, are not applicable for women's empowerment. [Rank 13] | HO1: WomenFE[14]. Please drag and drop to the column of the right the indicators that you consider of relevance for women's empowerment. Then, rank them based on their level of importance. You can leave in the column of the left the indicators that, according to you, are not applicable for women's empowerment. [Rank 14] | HP1: WomenFE[15]. Please drag and drop to the column of the right the indicators that you consider of relevance for women's empowerment. Then, rank them based on their level of importance. You can leave in the column of the left the indicators that, according to you, are not applicable for women's empowerment. [Rank 15] | HQ1: WomenFE[16]. Please drag and drop to the column of the right the indicators that you consider of relevance for women's empowerment. Then, rank them based on their level of importance. You can leave in the column of the left the indicators that, according to you, are not applicable for women's empowerment. [Rank 16] | HR1: WomenFE[17]. Please drag and drop to the column of the right the indicators that you consider of relevance for women's empowerment. Then, rank them based on their level of importance. You can leave in the column of the left the indicators that, according to you, are not applicable for women's empowerment. [Rank 17] | HS1: AdditionalComm. Do you have any additional suggestions or comments on the indicators?
A2: 194.193.141.209 | B2: N/A | C2: N/A | D2: Yes | E2: N/A | F2: N/A | BI2: PRODUCT7 | Land use managementThe government has regulations in place that restrict how land can be used in order to support environmental conservation, address desertification and land degradation, including:o Financial incentives to farmers in exchange for providing ecosystem services when managing the land and working on the land.o Guidance on land use that encourages sustainable development | BJ2: PRODUCT15 | Ecosystem restoration and conservationThe government has programmes in place to conserve and protect biodiversity across:o Lands and forests (zero-expansion policy of new agricultural land, restoring and reforesting degraded land)o Waters, oceans and coastal seas (marine protected areas, mangrove forests)Adopting a "Half Earth" strategy for biodiversity conservation. | BK2: PRODUCT1 | Sustainable carbon sequestration practicesThe government has programmes in place to (non-)financially support agroecological practices that enhance natural carbon capture, such as:o Biosequestration practices through agroforestry systems (agrisilvicultural, silvopastoral, agrosylvopastoral)o Afforestation or reforestation practiceso Use of cover cropso Organic farming restoration of agricultural degraded lands | BL2: PRODUCT2 | Sustainable fisheriesThe government’s national fisheries management policy directives guarantee that fishing activities carried out by the national fleet are environmentally sustainable (including artisanal fish and other aquatic systems) and require fully-documented fisheries taking into account bycatch and the preservation of marine ecosystems and sensitive species. | BM2: PRODUCT8 | FertilizersThe government has regulations in place to reduce (and ideally eliminate) the synthetic use of fertilisers, including:o Targets for reductions of nitrogen and phosphorus dischargeso Fertilisers accounting systemso Nitrogen quota systemso Taxes on phosphorus content in feedo Protection of groundwater and coastal areas from fertilizers' pollution | BN2: PRODUCT9 | PesticidesThe government has regulations in place to reduce (and ideally eliminate) the use of chemical pesticides, including:o Avoiding the use of hazardous chemical pesticideso Promoting best practices to minimise the associated risks to human health and the environmento Encouraging farmers to use sustainable prevention techniques for disease and pests’ management | BO2: PRODUCT4 | Optimisation of water resources managementThe government requires farmers to integrate sustainable water resource management practices (e.g. managed aquifer recharge and storage, subsurface waste storage and injection) that optimise water resources and agricultural outputs per unit of water. | BP2: PRODUCT10 | Subsidies for sustainable healthy crops/livestock/fishThe intent of existing subsidies by the government is to support sustainably produced crops, livestock and fish that contribute to healthier and more sustainable diets. These subsidised crops, livestock and fish shall be for food products intended for human consumption, and not for animal feed. | BQ2: WASTE1 | Food loss prevention and reduction through infrastructure investment The government minimizes food losses across the whole food supply chain by investing in sustainable infrastructure that improves post-harvest techniques and fosters the development of facilities for the post-harvest storage, the food processing and the transportation. | BR2: WASTE2 | Food loss and waste reduction through a step-wise process The government requires all stakeholders across the food supply chain to have programmes in place that reduce (and ideally eliminate) food loss and waste, such as:o Elaborating a prevention plan according to a hierarchy of uses for food fit for consumption but consciously discarded, in which priority will be given to human consumption:1. Priority: fiscal measures, such as tax breaks or price adjustments, giving supremacy to fresh, healthier and more sustainable foods;2. Second step: human consumption through donation to organisations (such as food banks), giving supremacy to fresh, healthier and more sustainable foods, and avoiding (if possible) ultra-processed foods. Companies should sign agreements with the receiving organisations specifying the conditions for collection, storage and transport.3. Third step: to transform food into other edible products for human consumption.4. Fourth step: to use the food as animal feed.5. Last uses: processing of industrial by-products and recycling into compost or fuels.o Implementing a mandatory food waste reporting system. The government contemplates financial penalties for institutions that do not comply with this legislation. | BS2: PROCESS4 | Environmental impact measuresThe government requires the food producing companies to measure the environmental impact of food products by calculating in a standardized way an eco-score (e.g. lifecycle analysis, full environmental footprint) for the environmental impact of individual food and drink products. | BT2: TRADE2 | Effective use of trade policy levers for sustainable food systemsThe government adopts measures to manage investment and protect their regulatory capacity from the influence of vested interests on policy and uses trade policy levers more effectively to ensure environmental sustainability and the availability and accessibility of healthier and more sustainable foods, prevent overweight and obesity, reduce food insecurity and under-nutrition, and promote food policy space. Instruments such as appropriate tariffs can help the shift foods available domestically as well as their relative prices. | BU2: TRADE4 | Transparency of global food supply chainsThe government fosters sustainable and responsible corporate behaviour throughout the global value chains, such as:o Implementing Participatory Guarantee System (PGS) for sustainable production.o Requiring companies to identify and, where necessary, prevent, end or mitigate adverse impacts of their activities on the environment (e.g. pollution, use of hazardous chemicals, biodiversity loss). | BV2: TRADE3 | Trade incentives for shorter food supply chainsThe government provides trade policy incentives that enable shorter food supply chains (SFSCs) linking cities to secure a supply of healthier and more sustainable foods, and ensuring that priority is given to food from exports and imports that do not contribute to deforestation, or to the displacement of vulnerable groups from their traditional lands. | BW2: PROCESS2 | Support for startups and SMEs producing healthier and more sustainable foods The government provides (and if already in place, makes good use of) investment funds for startups, small- and medium-sized food businesses that store, process, package and/or handle healthier and more sustainable foods. At fixed amount of the funding is addressed to employment generation in rural areas and distant locations. | BX2: PRODUCT3 | Regenerative agricultureThe government has programmes in place to (non-)financially support regenerative agriculture practices that protect the soil, enhancing its fertility and health through:o Sustainable soil remediation methods (e.g. bioremediation)o Increase of soil's organic matter contento Nitrogen fixation practices and rotation systemso Crop rotation of the land and return of crop residues | BY2: PRODUCT5 | Incentives for crop, fish and livestock diversification The government provides (non-)financial incentives to farmers and fishers to implement sustainable diversification practices, such as polyculture or crop-livestock integration, in:o Food crops (including neglected and underutilized traditional crops)o Livestock specieso Fisheries (including algae and new/emerging finfish species) | BZ2: PRODUCT11 | Farmers access to traditional seeds and breedsThe government has programmes in place that protect ancestral, traditional seeds and breeds, such as:o Making them economically accessible to smallholder/family farmers, prioritizing them over industrial varieties.o Declaring ancestral seeds and breeds as public goods (property of the local community). | FT2: PRICES3 | Affordability of healthier and more sustainable dietsThe government requires existing food-related income support programmes (e.g. vouchers, cash, school feeding) to make healthier and more sustainable foods accessible for low-income households and vulnerable groups. | FU2: PRICES2 | Subsidies for healthier and more sustainable foods The intent of existing subsidies/or VAT reductions by the government is for healthier and more sustainable foods (e.g. fruits, vegetables, beans and lentils, whole grains). | FV2: PRICES1 | Taxes on less healthy/sustainable foodso The government imposes taxes on less healthy foods (e.g. foods high in nutrients of concern or nutrients of concern in foods) to increase the prices of these foods by at least 20% to discourage less healthy food choices where possible.o The government imposes taxes on less sustainable foods and/or ingredients (e.g. red and processed meat, palm oil) to increase the prices of these foods by at least 20% to discourage less sustainable food choices where possible.o These tax revenues are ideally re-invested to create healthier and more sustainable food systems, re-invest in infrastructure (e.g. quality of tap water) or VAT reductions of healthier and sustainable foods or beverages. | FW2: COMP1 | Reformulation of processed foodsFood composition targets/ standards/ restrictions/ bans have been established by the government for:o The content of energy, nutrients of concern (trans fats, added sugars, saturated fat) and sodiumo The use of less healthy and less sustainable ingredients (e.g. palm oil, animal protein sources)o The portion sizesof processed foods. | FX2: COMP2 | Reformulation of out-of-home meals Food composition targets/ standards/ restrictions/ bans have been established by the government for:o The content of energy, nutrients of concern (trans fats, added sugars, saturated fat) and sodiumo The use of less healthy and less sustainable ingredients (e.g. palm oil, animal protein sources)o The portion sizesof meals sold by food service outlets, food delivery services and informal food outlets (e.g. food street vendors). | FY2: PROV1 | School food and nutrition policies The government implements clear, consistent policies in schools and early childhood education services with food service activities (nutrition standards for canteens, food at events, fundraising, promotions, vending machines etc.) that:o Promote safe drinking water (safe tap water or water fountains)o Provide and promote healthier and more sustainable foods based on nutritional guidelineso Prioritize the purchase of seasonal, healthier and more sustainable foodso Restrict less healthy and less sustainable foods and beverages | FZ2: PROV2 | Public sector setting (other than school) food and nutrition policiesThe government has clear, consistent policies in place to guarantee that public procurement and public sector settings (other than school and early childhood education services) with food service activities (e.g. hospitals and healthcare facilities, universities, nutrition standards for public canteens, public events, food banks, armed forces, prisons):o Promote safe drinking water (safe tap water or water fountains)o Provide and promote healthier and more sustainable food choices based on nutritional guidelines and prioritizing the purchase of seasonal, nutritious and sustainable foodso Restrict less healthy and less sustainable foods and beverages | GA2: RETAIL1 | Zoning lawso Zoning schemes, regulations and policies (e.g. tax incentives) are robust enough and are being used, where needed, by the government to place limits on the density or placement of quick-service restaurants or other outlets selling mainly less healthy and less sustainable foods.o Zoning schemes are in place to attract healthier and more sustainable grocery stores, kiosks or markets with a focus on underserved, low-income areas. | GB2: RETAIL2 | Prominence of healthy, sustainable foods in the (in)formal food sectorThe government requires prioritization of the placement and prominence of healthier and more sustainable foods and the limitation of the in-store availability of less healthy and less sustainable foods, for:o Formal food vendors (including food stores and supermarkets)o Informal food vendors (including food trucks and street vendors) | GC2: PROMO2 | Restriction of marketing of less healthy, less sustainable food in retail outlets The government has regulations in place to restrict the marketing of less healthy, less sustainable foods within supermarkets and other retail stores, including restrictions on product placement in prominent in-store positions (e.g. checkouts, end-of-aisle displays), price discounts, and sales targeting children and/or their parents/caregivers. | GD2: PROMO1 | Marketing restrictions of less healthy and less sustainable foods to children across all mediaComprehensive, mandatory regulations with effective enforcement are implemented by the government to restrict exposure and power of promotion of less healthy and less sustainable foods to children, and/or their parents/caregivers across all types of media, including:o Broadcast media (TV, radio)o Non-broadcast media (e.g. internet, online videogames, influencers/social media)o Food packagingo Sport clubs and events (e.g. sponsorship, billboards/advertising posters)o In public settings where children gather (e.g. outdoor advertising around preschools, schools, train stations, buses and cultural events) | GE2: LABEL2 | Evidence-based claim regulations Robust, evidence-based regulatory systems are in place for:o Approving/reviewing nutrition and health claims on foods, according to an evidence-based independent nutrient profile modelo Approving/reviewing environmental sustainability claimsso that consumers are protected against misleading claims on packaged foods which lack scientific evidence. | GF2: LABEL3 | Front-of pack labellingA mandatory, consistent, evidence-informed front-of-pack label with a:o Nutrition information system (e.g. warning labels, numerical/colour coded, graded indicators)o Environmental information system (e.g. lifecycle analysis-inspired label, full environmental footprint label)is required for all packaged foods (either combined or separate), which readily allows consumers to assess a product's healthiness and/or environmental impact. | GG2: LABEL4 | Out-of-home eating outlets menu labellingA consistent, simple, clearly-visible system of menu labelling is required for all out-of-home eating outlets (including vending machines) with a:o Nutrition information system (e.g. energy content, content of nutrients of concern, warning labels, numerical/colour coded, graded indicators)o Environmental information system (e.g. lifecycle analysis-inspired label, full environmental footprint label)for all foods and meals on sale. | GH2: LABEL1 | Nutrition information panels and ingredient listso Ingredient lists and nutrient declarations in line with the most recent Codex recommendations are present on the labels of all packaged foods.o Regulations ensure that information concerning the quantity of added sugar and trans-fat within a food product is clearly presented in the nutrition information panel of all relevant packaged foods.o Regulations ensure that information concerning the type of all fats and oils (e.g. palm oil, sunflower oil) and added sweeteners (e.g. fructose, dates, honey) within a food product is presented in the ingredient list of all relevant packaged foods. | GI2: PROV3 | Support for shorter food supply chainsThe government gives financial support to shorter food supply chains (SFSCs) initiatives that connect farmers and consumers. Special focus is given to those coupled to organic farming, agroecology or sustainable agriculture practices, such as:o Community-Supported Agriculture (CSA)o Promoting the direct sale of agricultural products by farmers on territorial markets without intermediarieso On-farm sales or off-farm schemes (farmers markets, delivery schemes)o Producer-to-consumer networks o Collective sales towards public institutionso Other policy tools, such as training and knowledge exchange in marketing and communication on SFSCs, shall (or if already in place, continue) to be funded by Rural Development programmes | GJ2: PROMO3 | Marketing restrictions of breastmilk substitutesThe government implements, across all media and settings, the policies and practices of the 'International Code of Marketing of Breast-milk Substitutes' and 'World Health Assembly Resolutions' (e.g. prohibit the promotion of breastmilk substitutes, feeding bottles and teats) and restricts the marketing of breastmilk substitutes to adult women of reproductive age, pregnant women, parents of children under three years, caregivers and healthcare providers. | HS2: I think this ranking exercise was quite difficult because of the subjectivity involved in making judgements of priority. I would say that many indicators within particular subdomain are often of equal priority and it's hard to say which one would be more effective (e.g. economic instruments such as taxes vs. subsidies). See email with comments on indicators trade-offs.
A3: 140.79.77.195 | B3: No | C3: No | D3: Yes | E3: No | F3: No | BI3: WASTE2 | Food loss and waste reduction through a step-wise process The government requires all stakeholders across the food supply chain to have programmes in place that reduce (and ideally eliminate) food loss and waste, such as:o Elaborating a prevention plan according to a hierarchy of uses for food fit for consumption but consciously discarded, in which priority will be given to human consumption:1. Priority: fiscal measures, such as tax breaks or price adjustments, giving supremacy to fresh, healthier and more sustainable foods;2. Second step: human consumption through donation to organisations (such as food banks), giving supremacy to fresh, healthier and more sustainable foods, and avoiding (if possible) ultra-processed foods. Companies should sign agreements with the receiving organisations specifying the conditions for collection, storage and transport.3. Third step: to transform food into other edible products for human consumption.4. Fourth step: to use the food as animal feed.5. Last uses: processing of industrial by-products and recycling into compost or fuels.o Implementing a mandatory food waste reporting system. The government contemplates financial penalties for institutions that do not comply with this legislation. | BJ3: WASTE1 | Food loss prevention and reduction through infrastructure investment The government minimizes food losses across the whole food supply chain by investing in sustainable infrastructure that improves post-harvest techniques and fosters the development of facilities for the post-harvest storage, the food processing and the transportation. | BK3: WASTE3 | Regulation framework at retail levelThe government has programmes in place to minimize food waste at retail level:o Bars, cafeterias and restaurants shall be obliged to make it possible for consumers to take home food that they have not consumed, at no additional cost. To this end, reusable or easily recyclable packaging suitable for food use must be available to the consumer.o Supermarkets shall have sales lines for "ugly, imperfect or un-aesthetic" products; promoting the consumption of seasonal, healthier and/or more sustainable products. | BL3: PRODUCT4 | Optimisation of water resources managementThe government requires farmers to integrate sustainable water resource management practices (e.g. managed aquifer recharge and storage, subsurface waste storage and injection) that optimise water resources and agricultural outputs per unit of water. | BM3: PRODUCT7 | Land use managementThe government has regulations in place that restrict how land can be used in order to support environmental conservation, address desertification and land degradation, including:o Financial incentives to farmers in exchange for providing ecosystem services when managing the land and working on the land.o Guidance on land use that encourages sustainable development | BN3: PRODUCT2 | Sustainable fisheriesThe government’s national fisheries management policy directives guarantee that fishing activities carried out by the national fleet are environmentally sustainable (including artisanal fish and other aquatic systems) and require fully-documented fisheries taking into account bycatch and the preservation of marine ecosystems and sensitive species. | BO3: PRODUCT12 | Farmers and fishers' support The government has programmes in place to support farmers and fishers taking part in the transition towards sustainable food systems, such as:o Subsidizing the access to sustainable technologies and innovation (including digital technologies);o Providing skill training and capacity development programmes on sustainable and regenerative practices, and on climate change adaptation | BP3: PRODUCT10 | Subsidies for sustainable healthy crops/livestock/fishThe intent of existing subsidies by the government is to support sustainably produced crops, livestock and fish that contribute to healthier and more sustainable diets. These subsidised crops, livestock and fish shall be for food products intended for human consumption, and not for animal feed. | BQ3: PRODUCT1 | Sustainable carbon sequestration practicesThe government has programmes in place to (non-)financially support agroecological practices that enhance natural carbon capture, such as:o Biosequestration practices through agroforestry systems (agrisilvicultural, silvopastoral, agrosylvopastoral)o Afforestation or reforestation practiceso Use of cover cropso Organic farming restoration of agricultural degraded lands | BR3: PRODUCT3 | Regenerative agricultureThe government has programmes in place to (non-)financially support regenerative agriculture practices that protect the soil, enhancing its fertility and health through:o Sustainable soil remediation methods (e.g. bioremediation)o Increase of soil's organic matter contento Nitrogen fixation practices and rotation systemso Crop rotation of the land and return of crop residues | BS3: PRODUCT9 | PesticidesThe government has regulations in place to reduce (and ideally eliminate) the use of chemical pesticides, including:o Avoiding the use of hazardous chemical pesticideso Promoting best practices to minimise the associated risks to human health and the environmento Encouraging farmers to use sustainable prevention techniques for disease and pests’ management | BT3: PRODUCT15 | Ecosystem restoration and conservationThe government has programmes in place to conserve and protect biodiversity across:o Lands and forests (zero-expansion policy of new agricultural land, restoring and reforesting degraded land)o Waters, oceans and coastal seas (marine protected areas, mangrove forests)Adopting a "Half Earth" strategy for biodiversity conservation. | BU3: PRODUCT8 | FertilizersThe government has regulations in place to reduce (and ideally eliminate) the synthetic use of fertilisers, including:o Targets for reductions of nitrogen and phosphorus dischargeso Fertilisers accounting systemso Nitrogen quota systemso Taxes on phosphorus content in feedo Protection of groundwater and coastal areas from fertilizers' pollution | BV3: PROCESS4 | Environmental impact measuresThe government requires the food producing companies to measure the environmental impact of food products by calculating in a standardized way an eco-score (e.g. lifecycle analysis, full environmental footprint) for the environmental impact of individual food and drink products. | BW3: PRODUCT5 | Incentives for crop, fish and livestock diversification The government provides (non-)financial incentives to farmers and fishers to implement sustainable diversification practices, such as polyculture or crop-livestock integration, in:o Food crops (including neglected and underutilized traditional crops)o Livestock specieso Fisheries (including algae and new/emerging finfish species) | BX3: TRADE2 | Effective use of trade policy levers for sustainable food systemsThe government adopts measures to manage investment and protect their regulatory capacity from the influence of vested interests on policy and uses trade policy levers more effectively to ensure environmental sustainability and the availability and accessibility of healthier and more sustainable foods, prevent overweight and obesity, reduce food insecurity and under-nutrition, and promote food policy space. Instruments such as appropriate tariffs can help the shift foods available domestically as well as their relative prices. | BY3: TRADE4 | Transparency of global food supply chainsThe government fosters sustainable and responsible corporate behaviour throughout the global value chains, such as:o Implementing Participatory Guarantee System (PGS) for sustainable production.o Requiring companies to identify and, where necessary, prevent, end or mitigate adverse impacts of their activities on the environment (e.g. pollution, use of hazardous chemicals, biodiversity loss). | BZ3: TRADE3 | Trade incentives for shorter food supply chainsThe government provides trade policy incentives that enable shorter food supply chains (SFSCs) linking cities to secure a supply of healthier and more sustainable foods, and ensuring that priority is given to food from exports and imports that do not contribute to deforestation, or to the displacement of vulnerable groups from their traditional lands. | CA3: PROCESS2 | Support for startups and SMEs producing healthier and more sustainable foods The government provides (and if already in place, makes good use of) investment funds for startups, small- and medium-sized food businesses that store, process, package and/or handle healthier and more sustainable foods. At fixed amount of the funding is addressed to employment generation in rural areas and distant locations. | CB3: TRADE1 | Risk impact assessment of trade and investment agreementsThe government conducts cross-ministry and cross-sector risk impact assessments before the negotiation and implementation of multilateral and bilateral trade and investment agreements, to identify, evaluate and minimize the direct and indirect impacts of such agreements on population's nutrition and health, food security and environmental sustainability, both domestically and in third countries. The assessment includes an analysis of trade-offs interconnected to these factors. Focus is given to reducing health and gender inequalities. | FT3: LABEL2 | Evidence-based claim regulations Robust, evidence-based regulatory systems are in place for:o Approving/reviewing nutrition and health claims on foods, according to an evidence-based independent nutrient profile modelo Approving/reviewing environmental sustainability claimsso that consumers are protected against misleading claims on packaged foods which lack scientific evidence. | FU3: LABEL3 | Front-of pack labellingA mandatory, consistent, evidence-informed front-of-pack label with a:o Nutrition information system (e.g. warning labels, numerical/colour coded, graded indicators)o Environmental information system (e.g. lifecycle analysis-inspired label, full environmental footprint label)is required for all packaged foods (either combined or separate), which readily allows consumers to assess a product's healthiness and/or environmental impact. | FV3: LABEL4 | Out-of-home eating outlets menu labellingA consistent, simple, clearly-visible system of menu labelling is required for all out-of-home eating outlets (including vending machines) with a:o Nutrition information system (e.g. energy content, content of nutrients of concern, warning labels, numerical/colour coded, graded indicators)o Environmental information system (e.g. lifecycle analysis-inspired label, full environmental footprint label)for all foods and meals on sale. | FW3: PROMO2 | Restriction of marketing of less healthy, less sustainable food in retail outlets The government has regulations in place to restrict the marketing of less healthy, less sustainable foods within supermarkets and other retail stores, including restrictions on product placement in prominent in-store positions (e.g. checkouts, end-of-aisle displays), price discounts, and sales targeting children and/or their parents/caregivers. | FX3: PROV2 | Public sector setting (other than school) food and nutrition policiesThe government has clear, consistent policies in place to guarantee that public procurement and public sector settings (other than school and early childhood education services) with food service activities (e.g. hospitals and healthcare facilities, universities, nutrition standards for public canteens, public events, food banks, armed forces, prisons):o Promote safe drinking water (safe tap water or water fountains)o Provide and promote healthier and more sustainable food choices based on nutritional guidelines and prioritizing the purchase of seasonal, nutritious and sustainable foodso Restrict less healthy and less sustainable foods and beverages | HS3: The indicators appear to assume it is known what are sustainable foods, yet this is a complex matter as there are many environmental aspects and different environmental indicators point in different directions. In addition, some foods with potentially higher env impact are especially nutrient dense. Environmnetal sustainability is best assessed at the level of the complete diet.
A4: 150.107.175.109 | B4: N/A | C4: N/A | D4: N/A | E4: N/A | F4: N/A
A5: 150.203.228.174 | B5: N/A | C5: Yes | D5: Yes | E5: Yes | F5: N/A | AH5: WASTE3 | Regulation framework at retail levelThe government has programmes in place to minimize food waste at retail level:o Bars, cafeterias and restaurants shall be obliged to make it possible for consumers to take home food that they have not consumed, at no additional cost. To this end, reusable or easily recyclable packaging suitable for food use must be available to the consumer.o Supermarkets shall have sales lines for "ugly, imperfect or un-aesthetic" products; promoting the consumption of seasonal, healthier and/or more sustainable products. | AI5: TRADE1 | Risk impact assessment of trade and investment agreementsThe government conducts cross-ministry and cross-sector risk impact assessments before the negotiation and implementation of multilateral and bilateral trade and investment agreements, to identify, evaluate and minimize the direct and indirect impacts of such agreements on population's nutrition and health, food security and environmental sustainability, both domestically and in third countries. The assessment includes an analysis of trade-offs interconnected to these factors. Focus is given to reducing health and gender inequalities. | AJ5: PROCESS2 | Support for startups and SMEs producing healthier and more sustainable foods The government provides (and if already in place, makes good use of) investment funds for startups, small- and medium-sized food businesses that store, process, package and/or handle healthier and more sustainable foods. At fixed amount of the funding is addressed to employment generation in rural areas and distant locations. | AK5: TRADE2 | Effective use of trade policy levers for sustainable food systemsThe government adopts measures to manage investment and protect their regulatory capacity from the influence of vested interests on policy and uses trade policy levers more effectively to ensure environmental sustainability and the availability and accessibility of healthier and more sustainable foods, prevent overweight and obesity, reduce food insecurity and under-nutrition, and promote food policy space. Instruments such as appropriate tariffs can help the shift foods available domestically as well as their relative prices. | AL5: PRODUCT10 | Subsidies for sustainable healthy crops/livestock/fishThe intent of existing subsidies by the government is to support sustainably produced crops, livestock and fish that contribute to healthier and more sustainable diets. These subsidised crops, livestock and fish shall be for food products intended for human consumption, and not for animal feed. | AM5: PRODUCT5 | Incentives for crop, fish and livestock diversification The government provides (non-)financial incentives to farmers and fishers to implement sustainable diversification practices, such as polyculture or crop-livestock integration, in:o Food crops (including neglected and underutilized traditional crops)o Livestock specieso Fisheries (including algae and new/emerging finfish species) | AN5: PRODUCT11 | Farmers access to traditional seeds and breedsThe government has programmes in place that protect ancestral, traditional seeds and breeds, such as:o Making them economically accessible to smallholder/family farmers, prioritizing them over industrial varieties.o Declaring ancestral seeds and breeds as public goods (property of the local community). | AO5: PRODUCT12 | Farmers and fishers' support The government has programmes in place to support farmers and fishers taking part in the transition towards sustainable food systems, such as:o Subsidizing the access to sustainable technologies and innovation (including digital technologies);o Providing skill training and capacity development programmes on sustainable and regenerative practices, and on climate change adaptation | AP5: PROCESS4 | Environmental impact measuresThe government requires the food producing companies to measure the environmental impact of food products by calculating in a standardized way an eco-score (e.g. lifecycle analysis, full environmental footprint) for the environmental impact of individual food and drink products. | BI5: PRODUCT7 | Land use managementThe government has regulations in place that restrict how land can be used in order to support environmental conservation, address desertification and land degradation, including:o Financial incentives to farmers in exchange for providing ecosystem services when managing the land and working on the land.o Guidance on land use that encourages sustainable development | BJ5: PRODUCT5 | Incentives for crop, fish and livestock diversification The government provides (non-)financial incentives to farmers and fishers to implement sustainable diversification practices, such as polyculture or crop-livestock integration, in:o Food crops (including neglected and underutilized traditional crops)o Livestock specieso Fisheries (including algae and new/emerging finfish species) | BK5: PRODUCT10 | Subsidies for sustainable healthy crops/livestock/fishThe intent of existing subsidies by the government is to support sustainably produced crops, livestock and fish that contribute to healthier and more sustainable diets. These subsidised crops, livestock and fish shall be for food products intended for human consumption, and not for animal feed. | BL5: PRODUCT4 | Optimisation of water resources managementThe government requires farmers to integrate sustainable water resource management practices (e.g. managed aquifer recharge and storage, subsurface waste storage and injection) that optimise water resources and agricultural outputs per unit of water. | BM5: PRODUCT11 | Farmers access to traditional seeds and breedsThe government has programmes in place that protect ancestral, traditional seeds and breeds, such as:o Making them economically accessible to smallholder/family farmers, prioritizing them over industrial varieties.o Declaring ancestral seeds and breeds as public goods (property of the local community). | BN5: PRODUCT3 | Regenerative agricultureThe government has programmes in place to (non-)financially support regenerative agriculture practices that protect the soil, enhancing its fertility and health through:o Sustainable soil remediation methods (e.g. bioremediation)o Increase of soil's organic matter contento Nitrogen fixation practices and rotation systemso Crop rotation of the land and return of crop residues | BO5: PRODUCT2 | Sustainable fisheriesThe government’s national fisheries management policy directives guarantee that fishing activities carried out by the national fleet are environmentally sustainable (including artisanal fish and other aquatic systems) and require fully-documented fisheries taking into account bycatch and the preservation of marine ecosystems and sensitive species. | BP5: PRODUCT12 | Farmers and fishers' support The government has programmes in place to support farmers and fishers taking part in the transition towards sustainable food systems, such as:o Subsidizing the access to sustainable technologies and innovation (including digital technologies);o Providing skill training and capacity development programmes on sustainable and regenerative practices, and on climate change adaptation | BQ5: PRODUCT1 | Sustainable carbon sequestration practicesThe government has programmes in place to (non-)financially support agroecological practices that enhance natural carbon capture, such as:o Biosequestration practices through agroforestry systems (agrisilvicultural, silvopastoral, agrosylvopastoral)o Afforestation or reforestation practiceso Use of cover cropso Organic farming restoration of agricultural degraded lands | BR5: PRODUCT8 | FertilizersThe government has regulations in place to reduce (and ideally eliminate) the synthetic use of fertilisers, including:o Targets for reductions of nitrogen and phosphorus dischargeso Fertilisers accounting systemso Nitrogen quota systemso Taxes on phosphorus content in feedo Protection of groundwater and coastal areas from fertilizers' pollution | BS5: PROCESS2 | Support for startups and SMEs producing healthier and more sustainable foods The government provides (and if already in place, makes good use of) investment funds for startups, small- and medium-sized food businesses that store, process, package and/or handle healthier and more sustainable foods. At fixed amount of the funding is addressed to employment generation in rural areas and distant locations. | BT5: PROCESS4 | Environmental impact measuresThe government requires the food producing companies to measure the environmental impact of food products by calculating in a standardized way an eco-score (e.g. lifecycle analysis, full environmental footprint) for the environmental impact of individual food and drink products. | BU5: WASTE3 | Regulation framework at retail levelThe government has programmes in place to minimize food waste at retail level:o Bars, cafeterias and restaurants shall be obliged to make it possible for consumers to take home food that they have not consumed, at no additional cost. To this end, reusable or easily recyclable packaging suitable for food use must be available to the consumer.o Supermarkets shall have sales lines for "ugly, imperfect or un-aesthetic" products; promoting the consumption of seasonal, healthier and/or more sustainable products. | BV5: PROCESS1 | Connecting smallholder farmers with territorial marketsThe government has programmes in place to guarantee that the local, fresh and diverse production of smallholder/family farmers reaches territorial markets (urban, peri-urban and rural), such as:o Investing in transportation, road and railway infrastructure;o Investing in storage facilities to be rented at lower prices to smallholder/family farmers;o Providing grants allocated to the construction of storage facilities in-farm;o Covering the costs associated to hygienic practices for food storage and handling prior to selling;o Tax exemptions on infrastructure usePriority is given to smallholder/family farmers coupled to organic farming, agroecology or sustainable agriculture practices. | BW5: TRADE2 | Effective use of trade policy levers for sustainable food systemsThe government adopts measures to manage investment and protect their regulatory capacity from the influence of vested interests on policy and uses trade policy levers more effectively to ensure environmental sustainability and the availability and accessibility of healthier and more sustainable foods, prevent overweight and obesity, reduce food insecurity and under-nutrition, and promote food policy space. Instruments such as appropriate tariffs can help the shift foods available domestically as well as their relative prices. | CJ5: PRODUCT5 | Incentives for crop, fish and livestock diversification The government provides (non-)financial incentives to farmers and fishers to implement sustainable diversification practices, such as polyculture or crop-livestock integration, in:o Food crops (including neglected and underutilized traditional crops)o Livestock specieso Fisheries (including algae and new/emerging finfish species) | CK5: PRODUCT10 | Subsidies for sustainable healthy crops/livestock/fishThe intent of existing subsidies by the government is to support sustainably produced crops, livestock and fish that contribute to healthier and more sustainable diets. These subsidised crops, livestock and fish shall be for food products intended for human consumption, and not for animal feed. | CL5: PRODUCT11 | Farmers access to traditional seeds and breedsThe government has programmes in place that protect ancestral, traditional seeds and breeds, such as:o Making them economically accessible to smallholder/family farmers, prioritizing them over industrial varieties.o Declaring ancestral seeds and breeds as public goods (property of the local community). | CM5: PRODUCT12 | Farmers and fishers' support The government has programmes in place to support farmers and fishers taking part in the transition towards sustainable food systems, such as:o Subsidizing the access to sustainable technologies and innovation (including digital technologies);o Providing skill training and capacity development programmes on sustainable and regenerative practices, and on climate change adaptation | CN5: PRODUCT13 | Support to women's empowerment The government has programmes in place that enhance the participation of women and give (non-)financial support to women in agriculture and fisheries, such as:o Providing start-up grants, loans or guarantees (designed to help or advice on how best to enter sustainable farming)o Guaranteeing decision-making power in leadership positionso Providing income support for sustainable technologies and sustainable innovationo Providing subsidies for land/infrastructure and storage facilitieso Providing capacity development programmes for female farmers and fishers on sustainable and regenerative practices, and on climate change adaptationo Prioritize female farmers and fishers when it comes to receiving basic payment entitlements from the national/regional reserveo Prioritize female farmers and fishers access to local, national and international marketso Recognising and securing legitimate tenure right holders and their rights with customary tenure systems that exercise self-governance of land, forests, fisheries and/or water.Equitable opportunities to earn and learn shall be compatible with safe pregnancy and breastfeeding. | CO5: PRODUCT14 | Support to young generationsThe government has programmes in place that give (non-)financial support to young generations ( | CP5: PRODUCT15 | Ecosystem restoration and conservationThe government has programmes in place to conserve and protect biodiversity across:o Lands and forests (zero-expansion policy of new agricultural land, restoring and reforesting degraded land)o Waters, oceans and coastal seas (marine protected areas, mangrove forests)Adopting a "Half Earth" strategy for biodiversity conservation. | CQ5: PROCESS1 | Connecting smallholder farmers with territorial marketsThe government has programmes in place to guarantee that the local, fresh and diverse production of smallholder/family farmers reaches territorial markets (urban, peri-urban and rural), such as:o Investing in transportation, road and railway infrastructure;o Investing in storage facilities to be rented at lower prices to smallholder/family farmers;o Providing grants allocated to the construction of storage facilities in-farm;o Covering the costs associated to hygienic practices for food storage and handling prior to selling;o Tax exemptions on infrastructure usePriority is given to smallholder/family farmers coupled to organic farming, agroecology or sustainable agriculture practices. | CR5: TRADE2 | Effective use of trade policy levers for sustainable food systemsThe government adopts measures to manage investment and protect their regulatory capacity from the influence of vested interests on policy and uses trade policy levers more effectively to ensure environmental sustainability and the availability and accessibility of healthier and more sustainable foods, prevent overweight and obesity, reduce food insecurity and under-nutrition, and promote food policy space. Instruments such as appropriate tariffs can help the shift foods available domestically as well as their relative prices. | CS5: TRADE3 | Trade incentives for shorter food supply chainsThe government provides trade policy incentives that enable shorter food supply chains (SFSCs) linking cities to secure a supply of healthier and more sustainable foods, and ensuring that priority is given to food from exports and imports that do not contribute to deforestation, or to the displacement of vulnerable groups from their traditional lands. | FC5: PROMO1 | Marketing restrictions of less healthy and less sustainable foods to children across all mediaComprehensive, mandatory regulations with effective enforcement are implemented by the government to restrict exposure and power of promotion of less healthy and less sustainable foods to children, and/or their parents/caregivers across all types of media, including:o Broadcast media (TV, radio)o Non-broadcast media (e.g. internet, online videogames, influencers/social media)o Food packagingo Sport clubs and events (e.g. sponsorship, billboards/advertising posters)o In public settings where children gather (e.g. outdoor advertising around preschools, schools, train stations, buses and cultural events) | FD5: LABEL3 | Front-of pack labellingA mandatory, consistent, evidence-informed front-of-pack label with a:o Nutrition information system (e.g. warning labels, numerical/colour coded, graded indicators)o Environmental information system (e.g. lifecycle analysis-inspired label, full environmental footprint label)is required for all packaged foods (either combined or separate), which readily allows consumers to assess a product's healthiness and/or environmental impact. | FE5: PROMO2 | Restriction of marketing of less healthy, less sustainable food in retail outlets The government has regulations in place to restrict the marketing of less healthy, less sustainable foods within supermarkets and other retail stores, including restrictions on product placement in prominent in-store positions (e.g. checkouts, end-of-aisle displays), price discounts, and sales targeting children and/or their parents/caregivers. | FF5: COMP1 | Reformulation of processed foodsFood composition targets/ standards/ restrictions/ bans have been established by the government for:o The content of energy, nutrients of concern (trans fats, added sugars, saturated fat) and sodiumo The use of less healthy and less sustainable ingredients (e.g. palm oil, animal protein sources)o The portion sizesof processed foods. | FG5: COMP2 | Reformulation of out-of-home meals Food composition targets/ standards/ restrictions/ bans have been established by the government for:o The content of energy, nutrients of concern (trans fats, added sugars, saturated fat) and sodiumo The use of less healthy and less sustainable ingredients (e.g. palm oil, animal protein sources)o The portion sizesof meals sold by food service outlets, food delivery services and informal food outlets (e.g. food street vendors). | FH5: PROV1 | School food and nutrition policies The government implements clear, consistent policies in schools and early childhood education services with food service activities (nutrition standards for canteens, food at events, fundraising, promotions, vending machines etc.) that:o Promote safe drinking water (safe tap water or water fountains)o Provide and promote healthier and more sustainable foods based on nutritional guidelineso Prioritize the purchase of seasonal, healthier and more sustainable foodso Restrict less healthy and less sustainable foods and beverages | FI5: PRICES1 | Taxes on less healthy/sustainable foodso The government imposes taxes on less healthy foods (e.g. foods high in nutrients of concern or nutrients of concern in foods) to increase the prices of these foods by at least 20% to discourage less healthy food choices where possible.o The government imposes taxes on less sustainable foods and/or ingredients (e.g. red and processed meat, palm oil) to increase the prices of these foods by at least 20% to discourage less sustainable food choices where possible.o These tax revenues are ideally re-invested to create healthier and more sustainable food systems, re-invest in infrastructure (e.g. quality of tap water) or VAT reductions of healthier and sustainable foods or beverages. | FJ5: PRICES3 | Affordability of healthier and more sustainable dietsThe government requires existing food-related income support programmes (e.g. vouchers, cash, school feeding) to make healthier and more sustainable foods accessible for low-income households and vulnerable groups. | FK5: PRICES2 | Subsidies for healthier and more sustainable foods The intent of existing subsidies/or VAT reductions by the government is for healthier and more sustainable foods (e.g. fruits, vegetables, beans and lentils, whole grains). | FT5: LABEL2 | Evidence-based claim regulations Robust, evidence-based regulatory systems are in place for:o Approving/reviewing nutrition and health claims on foods, according to an evidence-based independent nutrient profile modelo Approving/reviewing environmental sustainability claimsso that consumers are protected against misleading claims on packaged foods which lack scientific evidence. | FU5: LABEL3 | Front-of pack labellingA mandatory, consistent, evidence-informed front-of-pack label with a:o Nutrition information system (e.g. warning labels, numerical/colour coded, graded indicators)o Environmental information system (e.g. lifecycle analysis-inspired label, full environmental footprint label)is required for all packaged foods (either combined or separate), which readily allows consumers to assess a product's healthiness and/or environmental impact. | FV5: PROMO1 | Marketing restrictions of less healthy and less sustainable foods to children across all mediaComprehensive, mandatory regulations with effective enforcement are implemented by the government to restrict exposure and power of promotion of less healthy and less sustainable foods to children, and/or their parents/caregivers across all types of media, including:o Broadcast media (TV, radio)o Non-broadcast media (e.g. internet, online videogames, influencers/social media)o Food packagingo Sport clubs and events (e.g. sponsorship, billboards/advertising posters)o In public settings where children gather (e.g. outdoor advertising around preschools, schools, train stations, buses and cultural events) | FW5: PROMO2 | Restriction of marketing of less healthy, less sustainable food in retail outlets The government has regulations in place to restrict the marketing of less healthy, less sustainable foods within supermarkets and other retail stores, including restrictions on product placement in prominent in-store positions (e.g. checkouts, end-of-aisle displays), price discounts, and sales targeting children and/or their parents/caregivers. | FX5: PROV1 | School food and nutrition policies The government implements clear, consistent policies in schools and early childhood education services with food service activities (nutrition standards for canteens, food at events, fundraising, promotions, vending machines etc.) that:o Promote safe drinking water (safe tap water or water fountains)o Provide and promote healthier and more sustainable foods based on nutritional guidelineso Prioritize the purchase of seasonal, healthier and more sustainable foodso Restrict less healthy and less sustainable foods and beverages | FY5: PRICES3 | Affordability of healthier and more sustainable dietsThe government requires existing food-related income support programmes (e.g. vouchers, cash, school feeding) to make healthier and more sustainable foods accessible for low-income households and vulnerable groups. | FZ5: PRICES1 | Taxes on less healthy/sustainable foodso The government imposes taxes on less healthy foods (e.g. foods high in nutrients of concern or nutrients of concern in foods) to increase the prices of these foods by at least 20% to discourage less healthy food choices where possible.o The government imposes taxes on less sustainable foods and/or ingredients (e.g. red and processed meat, palm oil) to increase the prices of these foods by at least 20% to discourage less sustainable food choices where possible.o These tax revenues are ideally re-invested to create healthier and more sustainable food systems, re-invest in infrastructure (e.g. quality of tap water) or VAT reductions of healthier and sustainable foods or beverages. | GA5: PROV3 | Support for shorter food supply chainsThe government gives financial support to shorter food supply chains (SFSCs) initiatives that connect farmers and consumers. Special focus is given to those coupled to organic farming, agroecology or sustainable agriculture practices, such as:o Community-Supported Agriculture (CSA)o Promoting the direct sale of agricultural products by farmers on territorial markets without intermediarieso On-farm sales or off-farm schemes (farmers markets, delivery schemes)o Producer-to-consumer networks o Collective sales towards public institutionso Other policy tools, such as training and knowledge exchange in marketing and communication on SFSCs, shall (or if already in place, continue) to be funded by Rural Development programmes | GK5: PRICES3 | Affordability of healthier and more sustainable dietsThe government requires existing food-related income support programmes (e.g. vouchers, cash, school feeding) to make healthier and more sustainable foods accessible for low-income households and vulnerable groups. | GL5: PROV1 | School food and nutrition policies The government implements clear, consistent policies in schools and early childhood education services with food service activities (nutrition standards for canteens, food at events, fundraising, promotions, vending machines etc.) that:o Promote safe drinking water (safe tap water or water fountains)o Provide and promote healthier and more sustainable foods based on nutritional guidelineso Prioritize the purchase of seasonal, healthier and more sustainable foodso Restrict less healthy and less sustainable foods and beverages | GM5: PROV2 | Public sector setting (other than school) food and nutrition policiesThe government has clear, consistent policies in place to guarantee that public procurement and public sector settings (other than school and early childhood education services) with food service activities (e.g. hospitals and healthcare facilities, universities, nutrition standards for public canteens, public events, food banks, armed forces, prisons):o Promote safe drinking water (safe tap water or water fountains)o Provide and promote healthier and more sustainable food choices based on nutritional guidelines and prioritizing the purchase of seasonal, nutritious and sustainable foodso Restrict less healthy and less sustainable foods and beverages | GN5: PROV3 | Support for shorter food supply chainsThe government gives financial support to shorter food supply chains (SFSCs) initiatives that connect farmers and consumers. Special focus is given to those coupled to organic farming, agroecology or sustainable agriculture practices, such as:o Community-Supported Agriculture (CSA)o Promoting the direct sale of agricultural products by farmers on territorial markets without intermediarieso On-farm sales or off-farm schemes (farmers markets, delivery schemes)o Producer-to-consumer networks o Collective sales towards public institutionso Other policy tools, such as training and knowledge exchange in marketing and communication on SFSCs, shall (or if already in place, continue) to be funded by Rural Development programmes | GO5: PRICES2 | Subsidies for healthier and more sustainable foods The intent of existing subsidies/or VAT reductions by the government is for healthier and more sustainable foods (e.g. fruits, vegetables, beans and lentils, whole grains). | GP5: PRICES1 | Taxes on less healthy/sustainable foodso The government imposes taxes on less healthy foods (e.g. foods high in nutrients of concern or nutrients of concern in foods) to increase the prices of these foods by at least 20% to discourage less healthy food choices where possible.o The government imposes taxes on less sustainable foods and/or ingredients (e.g. red and processed meat, palm oil) to increase the prices of these foods by at least 20% to discourage less sustainable food choices where possible.o These tax revenues are ideally re-invested to create healthier and more sustainable food systems, re-invest in infrastructure (e.g. quality of tap water) or VAT reductions of healthier and sustainable foods or beverages.
A6: 122.56.199.237 | B6: N/A | C6: Yes | D6: N/A | E6: N/A | F6: N/A | AH6: PRODUCT10 | Subsidies for sustainable healthy crops/livestock/fishThe intent of existing subsidies by the government is to support sustainably produced crops, livestock and fish that contribute to healthier and more sustainable diets. These subsidised crops, livestock and fish shall be for food products intended for human consumption, and not for animal feed. | AI6: PROCESS2 | Support for startups and SMEs producing healthier and more sustainable foods The government provides (and if already in place, makes good use of) investment funds for startups, small- and medium-sized food businesses that store, process, package and/or handle healthier and more sustainable foods. At fixed amount of the funding is addressed to employment generation in rural areas and distant locations. | AJ6: TRADE2 | Effective use of trade policy levers for sustainable food systemsThe government adopts measures to manage investment and protect their regulatory capacity from the influence of vested interests on policy and uses trade policy levers more effectively to ensure environmental sustainability and the availability and accessibility of healthier and more sustainable foods, prevent overweight and obesity, reduce food insecurity and under-nutrition, and promote food policy space. Instruments such as appropriate tariffs can help the shift foods available domestically as well as their relative prices. | AK6: PRODUCT13 | Support to women's empowerment The government has programmes in place that enhance the participation of women and give (non-)financial support to women in agriculture and fisheries, such as:o Providing start-up grants, loans or guarantees (designed to help or advice on how best to enter sustainable farming)o Guaranteeing decision-making power in leadership positionso Providing income support for sustainable technologies and sustainable innovationo Providing subsidies for land/infrastructure and storage facilitieso Providing capacity development programmes for female farmers and fishers on sustainable and regenerative practices, and on climate change adaptationo Prioritize female farmers and fishers when it comes to receiving basic payment entitlements from the national/regional reserveo Prioritize female farmers and fishers access to local, national and international marketso Recognising and securing legitimate tenure right holders and their rights with customary tenure systems that exercise self-governance of land, forests, fisheries and/or water.Equitable opportunities to earn and learn shall be compatible with safe pregnancy and breastfeeding. | AL6: PROCESS3 | Evidence-based use of fortification programmes The government has implemented a plan to prevent micronutrient deficiencies among the population, according to a hierarchy scheme in which priority will be given to the promotion of healthier and more sustainable foods as part of a diversified diet. The plan establishes clear evidence-based criteria according to national guidelines (and food security programmes, if any), to justify the use of either:o Mandatory large-scale food fortification programmes to increase availability of nutrients (e.g. iron, folate, zinc) in healthier and more sustainable foods available to all population groups;o The distribution of healthier and more sustainable micronutrient-fortified foods, targeted at specific population groups.o Supplements, targeted at population groups severely affected. | AM6: WASTE2 | Food loss and waste reduction through a step-wise process The government requires all stakeholders across the food supply chain to have programmes in place that reduce (and ideally eliminate) food loss and waste, such as:o Elaborating a prevention plan according to a hierarchy of uses for food fit for consumption but consciously discarded, in which priority will be given to human consumption:1. Priority: fiscal measures, such as tax breaks or price adjustments, giving supremacy to fresh, healthier and more sustainable foods;2. Second step: human consumption through donation to organisations (such as food banks), giving supremacy to fresh, healthier and more sustainable foods, and avoiding (if possible) ultra-processed foods. Companies should sign agreements with the receiving organisations specifying the conditions for collection, storage and transport.3. Third step: to transform food into other edible products for human consumption.4. Fourth step: to use the food as animal feed.5. Last uses: processing of industrial by-products and recycling into compost or fuels.o Implementing a mandatory food waste reporting system. The government contemplates financial penalties for institutions that do not comply with this legislation. | AN6: TRADE1 | Risk impact assessment of trade and investment agreementsThe government conducts cross-ministry and cross-sector risk impact assessments before the negotiation and implementation of multilateral and bilateral trade and investment agreements, to identify, evaluate and minimize the direct and indirect impacts of such agreements on population's nutrition and health, food security and environmental sustainability, both domestically and in third countries. The assessment includes an analysis of trade-offs interconnected to these factors. Focus is given to reducing health and gender inequalities. | FC6: COMP1 | Reformulation of processed foodsFood composition targets/ standards/ restrictions/ bans have been established by the government for:o The content of energy, nutrients of concern (trans fats, added sugars, saturated fat) and sodiumo The use of less healthy and less sustainable ingredients (e.g. palm oil, animal protein sources)o The portion sizesof processed foods. | FD6: PRICES1 | Taxes on less healthy/sustainable foodso The government imposes taxes on less healthy foods (e.g. foods high in nutrients of concern or nutrients of concern in foods) to increase the prices of these foods by at least 20% to discourage less healthy food choices where possible.o The government imposes taxes on less sustainable foods and/or ingredients (e.g. red and processed meat, palm oil) to increase the prices of these foods by at least 20% to discourage less sustainable food choices where possible.o These tax revenues are ideally re-invested to create healthier and more sustainable food systems, re-invest in infrastructure (e.g. quality of tap water) or VAT reductions of healthier and sustainable foods or beverages. | FE6: COMP2 | Reformulation of out-of-home meals Food composition targets/ standards/ restrictions/ bans have been established by the government for:o The content of energy, nutrients of concern (trans fats, added sugars, saturated fat) and sodiumo The use of less healthy and less sustainable ingredients (e.g. palm oil, animal protein sources)o The portion sizesof meals sold by food service outlets, food delivery services and informal food outlets (e.g. food street vendors). | FF6: RETAIL1 | Zoning lawso Zoning schemes, regulations and policies (e.g. tax incentives) are robust enough and are being used, where needed, by the government to place limits on the density or placement of quick-service restaurants or other outlets selling mainly less healthy and less sustainable foods.o Zoning schemes are in place to attract healthier and more sustainable grocery stores, kiosks or markets with a focus on underserved, low-income areas. | FG6: LABEL3 | Front-of pack labellingA mandatory, consistent, evidence-informed front-of-pack label with a:o Nutrition information system (e.g. warning labels, numerical/colour coded, graded indicators)o Environmental information system (e.g. lifecycle analysis-inspired label, full environmental footprint label)is required for all packaged foods (either combined or separate), which readily allows consumers to assess a product's healthiness and/or environmental impact. | FH6: PROMO1 | Marketing restrictions of less healthy and less sustainable foods to children across all mediaComprehensive, mandatory regulations with effective enforcement are implemented by the government to restrict exposure and power of promotion of less healthy and less sustainable foods to children, and/or their parents/caregivers across all types of media, including:o Broadcast media (TV, radio)o Non-broadcast media (e.g. internet, online videogames, influencers/social media)o Food packagingo Sport clubs and events (e.g. sponsorship, billboards/advertising posters)o In public settings where children gather (e.g. outdoor advertising around preschools, schools, train stations, buses and cultural events) | FI6: PROMO2 | Restriction of marketing of less healthy, less sustainable food in retail outlets The government has regulations in place to restrict the marketing of less healthy, less sustainable foods within supermarkets and other retail stores, including restrictions on product placement in prominent in-store positions (e.g. checkouts, end-of-aisle displays), price discounts, and sales targeting children and/or their parents/caregivers. | FJ6: PROV1 | School food and nutrition policies The government implements clear, consistent policies in schools and early childhood education services with food service activities (nutrition standards for canteens, food at events, fundraising, promotions, vending machines etc.) that:o Promote safe drinking water (safe tap water or water fountains)o Provide and promote healthier and more sustainable foods based on nutritional guidelineso Prioritize the purchase of seasonal, healthier and more sustainable foodso Restrict less healthy and less sustainable foods and beverages | FK6: PROMO3 | Marketing restrictions of breastmilk substitutesThe government implements, across all media and settings, the policies and practices of the 'International Code of Marketing of Breast-milk Substitutes' and 'World Health Assembly Resolutions' (e.g. prohibit the promotion of breastmilk substitutes, feeding bottles and teats) and restricts the marketing of breastmilk substitutes to adult women of reproductive age, pregnant women, parents of children under three years, caregivers and healthcare providers. | FL6: PRICES2 | Subsidies for healthier and more sustainable foods The intent of existing subsidies/or VAT reductions by the government is for healthier and more sustainable foods (e.g. fruits, vegetables, beans and lentils, whole grains). | FM6: PRICES3 | Affordability of healthier and more sustainable dietsThe government requires existing food-related income support programmes (e.g. vouchers, cash, school feeding) to make healthier and more sustainable foods accessible for low-income households and vulnerable groups. | FN6: PROV2 | Public sector setting (other than school) food and nutrition policiesThe government has clear, consistent policies in place to guarantee that public procurement and public sector settings (other than school and early childhood education services) with food service activities (e.g. hospitals and healthcare facilities, universities, nutrition standards for public canteens, public events, food banks, armed forces, prisons):o Promote safe drinking water (safe tap water or water fountains)o Provide and promote healthier and more sustainable food choices based on nutritional guidelines and prioritizing the purchase of seasonal, nutritious and sustainable foodso Restrict less healthy and less sustainable foods and beverages | HS6: Not confident in the supply chains selection and ranking (those I selected were based on expected changes to price/availability of healthy, sustainable foods - and I could only pick out 3 with reasonable level of confidence). I believe the selected policies in food environments are the strongest, but again the ranking is shaky at best. My level of expertise: Post-doc fellow working in policy research for healthy food environments.
A7: 73.29.224.233 | B7: No | C7: Yes | D7: No | E7: No | F7: No | AH7: PRODUCT10 | Subsidies for sustainable healthy crops/livestock/fishThe intent of existing subsidies by the government is to support sustainably produced crops, livestock and fish that contribute to healthier and more sustainable diets. These subsidised crops, livestock and fish shall be for food products intended for human consumption, and not for animal feed. | AI7: PROCESS2 | Support for startups and SMEs producing healthier and more sustainable foods The government provides (and if already in place, makes good use of) investment funds for startups, small- and medium-sized food businesses that store, process, package and/or handle healthier and more sustainable foods. At fixed amount of the funding is addressed to employment generation in rural areas and distant locations. | AJ7: TRADE2 | Effective use of trade policy levers for sustainable food systemsThe government adopts measures to manage investment and protect their regulatory capacity from the influence of vested interests on policy and uses trade policy levers more effectively to ensure environmental sustainability and the availability and accessibility of healthier and more sustainable foods, prevent overweight and obesity, reduce food insecurity and under-nutrition, and promote food policy space. Instruments such as appropriate tariffs can help the shift foods available domestically as well as their relative prices. | AK7: WASTE3 | Regulation framework at retail levelThe government has programmes in place to minimize food waste at retail level:o Bars, cafeterias and restaurants shall be obliged to make it possible for consumers to take home food that they have not consumed, at no additional cost. To this end, reusable or easily recyclable packaging suitable for food use must be available to the consumer.o Supermarkets shall have sales lines for "ugly, imperfect or un-aesthetic" products; promoting the consumption of seasonal, healthier and/or more sustainable products. | AL7: PROCESS1 | Connecting smallholder farmers with territorial marketsThe government has programmes in place to guarantee that the local, fresh and diverse production of smallholder/family farmers reaches territorial markets (urban, peri-urban and rural), such as:o Investing in transportation, road and railway infrastructure;o Investing in storage facilities to be rented at lower prices to smallholder/family farmers;o Providing grants allocated to the construction of storage facilities in-farm;o Covering the costs associated to hygienic practices for food storage and handling prior to selling;o Tax exemptions on infrastructure usePriority is given to smallholder/family farmers coupled to organic farming, agroecology or sustainable agriculture practices. | FC7: PRICES1 | Taxes on less healthy/sustainable foodso The government imposes taxes on less healthy foods (e.g. foods high in nutrients of concern or nutrients of concern in foods) to increase the prices of these foods by at least 20% to discourage less healthy food choices where possible.o The government imposes taxes on less sustainable foods and/or ingredients (e.g. red and processed meat, palm oil) to increase the prices of these foods by at least 20% to discourage less sustainable food choices where possible.o These tax revenues are ideally re-invested to create healthier and more sustainable food systems, re-invest in infrastructure (e.g. quality of tap water) or VAT reductions of healthier and sustainable foods or beverages. | FD7: PRICES2 | Subsidies for healthier and more sustainable foods The intent of existing subsidies/or VAT reductions by the government is for healthier and more sustainable foods (e.g. fruits, vegetables, beans and lentils, whole grains). | FE7: PRICES3 | Affordability of healthier and more sustainable dietsThe government requires existing food-related income support programmes (e.g. vouchers, cash, school feeding) to make healthier and more sustainable foods accessible for low-income households and vulnerable groups. | FF7: LABEL3 | Front-of pack labellingA mandatory, consistent, evidence-informed front-of-pack label with a:o Nutrition information system (e.g. warning labels, numerical/colour coded, graded indicators)o Environmental information system (e.g. lifecycle analysis-inspired label, full environmental footprint label)is required for all packaged foods (either combined or separate), which readily allows consumers to assess a product's healthiness and/or environmental impact. | FG7: LABEL4 | Out-of-home eating outlets menu labellingA consistent, simple, clearly-visible system of menu labelling is required for all out-of-home eating outlets (including vending machines) with a:o Nutrition information system (e.g. energy content, content of nutrients of concern, warning labels, numerical/colour coded, graded indicators)o Environmental information system (e.g. lifecycle analysis-inspired label, full environmental footprint label)for all foods and meals on sale. | FH7: PROMO1 | Marketing restrictions of less healthy and less sustainable foods to children across all mediaComprehensive, mandatory regulations with effective enforcement are implemented by the government to restrict exposure and power of promotion of less healthy and less sustainable foods to children, and/or their parents/caregivers across all types of media, including:o Broadcast media (TV, radio)o Non-broadcast media (e.g. internet, online videogames, influencers/social media)o Food packagingo Sport clubs and events (e.g. sponsorship, billboards/advertising posters)o In public settings where children gather (e.g. outdoor advertising around preschools, schools, train stations, buses and cultural events) | FI7: COMP2 | Reformulation of out-of-home meals Food composition targets/ standards/ restrictions/ bans have been established by the government for:o The content of energy, nutrients of concern (trans fats, added sugars, saturated fat) and sodiumo The use of less healthy and less sustainable ingredients (e.g. palm oil, animal protein sources)o The portion sizesof meals sold by food service outlets, food delivery services and informal food outlets (e.g. food street vendors). | FJ7: PROV1 | School food and nutrition policies The government implements clear, consistent policies in schools and early childhood education services with food service activities (nutrition standards for canteens, food at events, fundraising, promotions, vending machines etc.) that:o Promote safe drinking water (safe tap water or water fountains)o Provide and promote healthier and more sustainable foods based on nutritional guidelineso Prioritize the purchase of seasonal, healthier and more sustainable foodso Restrict less healthy and less sustainable foods and beverages | FK7: PROV2 | Public sector setting (other than school) food and nutrition policiesThe government has clear, consistent policies in place to guarantee that public procurement and public sector settings (other than school and early childhood education services) with food service activities (e.g. hospitals and healthcare facilities, universities, nutrition standards for public canteens, public events, food banks, armed forces, prisons):o Promote safe drinking water (safe tap water or water fountains)o Provide and promote healthier and more sustainable food choices based on nutritional guidelines and prioritizing the purchase of seasonal, nutritious and sustainable foodso Restrict less healthy and less sustainable foods and beverages | FL7: PROMO2 | Restriction of marketing of less healthy, less sustainable food in retail outlets The government has regulations in place to restrict the marketing of less healthy, less sustainable foods within supermarkets and other retail stores, including restrictions on product placement in prominent in-store positions (e.g. checkouts, end-of-aisle displays), price discounts, and sales targeting children and/or their parents/caregivers. | FM7: RETAIL1 | Zoning lawso Zoning schemes, regulations and policies (e.g. tax incentives) are robust enough and are being used, where needed, by the government to place limits on the density or placement of quick-service restaurants or other outlets selling mainly less healthy and less sustainable foods.o Zoning schemes are in place to attract healthier and more sustainable grocery stores, kiosks or markets with a focus on underserved, low-income areas. | FN7: RETAIL2 | Prominence of healthy, sustainable foods in the (in)formal food sectorThe government requires prioritization of the placement and prominence of healthier and more sustainable foods and the limitation of the in-store availability of less healthy and less sustainable foods, for:o Formal food vendors (including food stores and supermarkets)o Informal food vendors (including food trucks and street vendors) | FO7: COMP1 | Reformulation of processed foodsFood composition targets/ standards/ restrictions/ bans have been established by the government for:o The content of energy, nutrients of concern (trans fats, added sugars, saturated fat) and sodiumo The use of less healthy and less sustainable ingredients (e.g. palm oil, animal protein sources)o The portion sizesof processed foods. | FP7: PROV3 | Support for shorter food supply chainsThe government gives financial support to shorter food supply chains (SFSCs) initiatives that connect farmers and consumers. Special focus is given to those coupled to organic farming, agroecology or sustainable agriculture practices, such as:o Community-Supported Agriculture (CSA)o Promoting the direct sale of agricultural products by farmers on territorial markets without intermediarieso On-farm sales or off-farm schemes (farmers markets, delivery schemes)o Producer-to-consumer networks o Collective sales towards public institutionso Other policy tools, such as training and knowledge exchange in marketing and communication on SFSCs, shall (or if already in place, continue) to be funded by Rural Development programmes | FQ7: LABEL2 | Evidence-based claim regulations Robust, evidence-based regulatory systems are in place for:o Approving/reviewing nutrition and health claims on foods, according to an evidence-based independent nutrient profile modelo Approving/reviewing environmental sustainability claimsso that consumers are protected against misleading claims on packaged foods which lack scientific evidence. | FR7: LABEL1 | Nutrition information panels and ingredient listso Ingredient lists and nutrient declarations in line with the most recent Codex recommendations are present on the labels of all packaged foods.o Regulations ensure that information concerning the quantity of added sugar and trans-fat within a food product is clearly presented in the nutrition information panel of all relevant packaged foods.o Regulations ensure that information concerning the type of all fats and oils (e.g. palm oil, sunflower oil) and added sweeteners (e.g. fructose, dates, honey) within a food product is presented in the ingredient list of all relevant packaged foods. | FS7: PROMO3 | Marketing restrictions of breastmilk substitutesThe government implements, across all media and settings, the policies and practices of the 'International Code of Marketing of Breast-milk Substitutes' and 'World Health Assembly Resolutions' (e.g. prohibit the promotion of breastmilk substitutes, feeding bottles and teats) and restricts the marketing of breastmilk substitutes to adult women of reproductive age, pregnant women, parents of children under three years, caregivers and healthcare providers. | HS7: A few things to consider include: -trade offs between healthy and sustainable foods. Will need to have specific guidelines in terms of how these are defined. -not clear how informal sector will fall under "regulation"
A8: 45.234.198.194 | B8: No | C8: Yes | D8: No | E8: Yes | F8: No | AH8: PRODUCT3 | Regenerative agricultureThe government has programmes in place to (non-)financially support regenerative agriculture practices that protect the soil, enhancing its fertility and health through:o Sustainable soil remediation methods (e.g. bioremediation)o Increase of soil's organic matter contento Nitrogen fixation practices and rotation systemso Crop rotation of the land and return of crop residues | AI8: PRODUCT5 | Incentives for crop, fish and livestock diversification The government provides (non-)financial incentives to farmers and fishers to implement sustainable diversification practices, such as polyculture or crop-livestock integration, in:o Food crops (including neglected and underutilized traditional crops)o Livestock specieso Fisheries (including algae and new/emerging finfish species) | AJ8: PRODUCT10 | Subsidies for sustainable healthy crops/livestock/fishThe intent of existing subsidies by the government is to support sustainably produced crops, livestock and fish that contribute to healthier and more sustainable diets. These subsidised crops, livestock and fish shall be for food products intended for human consumption, and not for animal feed. | AK8: PRODUCT13 | Support to women's empowerment The government has programmes in place that enhance the participation of women and give (non-)financial support to women in agriculture and fisheries, such as:o Providing start-up grants, loans or guarantees (designed to help or advice on how best to enter sustainable farming)o Guaranteeing decision-making power in leadership positionso Providing income support for sustainable technologies and sustainable innovationo Providing subsidies for land/infrastructure and storage facilitieso Providing capacity development programmes for female farmers and fishers on sustainable and regenerative practices, and on climate change adaptationo Prioritize female farmers and fishers when it comes to receiving basic payment entitlements from the national/regional reserveo Prioritize female farmers and fishers access to local, national and international marketso Recognising and securing legitimate tenure right holders and their rights with customary tenure systems that exercise self-governance of land, forests, fisheries and/or water.Equitable opportunities to earn and learn shall be compatible with safe pregnancy and breastfeeding. | AL8: PROCESS1 | Connecting smallholder farmers with territorial marketsThe government has programmes in place to guarantee that the local, fresh and diverse production of smallholder/family farmers reaches territorial markets (urban, peri-urban and rural), such as:o Investing in transportation, road and railway infrastructure;o Investing in storage facilities to be rented at lower prices to smallholder/family farmers;o Providing grants allocated to the construction of storage facilities in-farm;o Covering the costs associated to hygienic practices for food storage and handling prior to selling;o Tax exemptions on infrastructure usePriority is given to smallholder/family farmers coupled to organic farming, agroecology or sustainable agriculture practices. | AM8: PRODUCT14 | Support to young generationsThe government has programmes in place that give (non-)financial support to young generations ( | AN8: PROCESS4 | Environmental impact measuresThe government requires the food producing companies to measure the environmental impact of food products by calculating in a standardized way an eco-score (e.g. lifecycle analysis, full environmental footprint) for the environmental impact of individual food and drink products. | AO8: WASTE2 | Food loss and waste reduction through a step-wise process The government requires all stakeholders across the food supply chain to have programmes in place that reduce (and ideally eliminate) food loss and waste, such as:o Elaborating a prevention plan according to a hierarchy of uses for food fit for consumption but consciously discarded, in which priority will be given to human consumption:1. Priority: fiscal measures, such as tax breaks or price adjustments, giving supremacy to fresh, healthier and more sustainable foods;2. Second step: human consumption through donation to organisations (such as food banks), giving supremacy to fresh, healthier and more sustainable foods, and avoiding (if possible) ultra-processed foods. Companies should sign agreements with the receiving organisations specifying the conditions for collection, storage and transport.3. Third step: to transform food into other edible products for human consumption.4. Fourth step: to use the food as animal feed.5. Last uses: processing of industrial by-products and recycling into compost or fuels.o Implementing a mandatory food waste reporting system. The government contemplates financial penalties for institutions that do not comply with this legislation. | AP8: TRADE1 | Risk impact assessment of trade and investment agreementsThe government conducts cross-ministry and cross-sector risk impact assessments before the negotiation and implementation of multilateral and bilateral trade and investment agreements, to identify, evaluate and minimize the direct and indirect impacts of such agreements on population's nutrition and health, food security and environmental sustainability, both domestically and in third countries. The assessment includes an analysis of trade-offs interconnected to these factors. Focus is given to reducing health and gender inequalities. | AQ8: TRADE3 | Trade incentives for shorter food supply chainsThe government provides trade policy incentives that enable shorter food supply chains (SFSCs) linking cities to secure a supply of healthier and more sustainable foods, and ensuring that priority is given to food from exports and imports that do not contribute to deforestation, or to the displacement of vulnerable groups from their traditional lands. | CJ8: PRODUCT5 | Incentives for crop, fish and livestock diversification The government provides (non-)financial incentives to farmers and fishers to implement sustainable diversification practices, such as polyculture or crop-livestock integration, in:o Food crops (including neglected and underutilized traditional crops)o Livestock specieso Fisheries (including algae and new/emerging finfish species) | CK8: PRODUCT7 | Land use managementThe government has regulations in place that restrict how land can be used in order to support environmental conservation, address desertification and land degradation, including:o Financial incentives to farmers in exchange for providing ecosystem services when managing the land and working on the land.o Guidance on land use that encourages sustainable development | CL8: PRODUCT10 | Subsidies for sustainable healthy crops/livestock/fishThe intent of existing subsidies by the government is to support sustainably produced crops, livestock and fish that contribute to healthier and more sustainable diets. These subsidised crops, livestock and fish shall be for food products intended for human consumption, and not for animal feed. | CM8: PRODUCT13 | Support to women's empowerment The government has programmes in place that enhance the participation of women and give (non-)financial support to women in agriculture and fisheries, such as:o Providing start-up grants, loans or guarantees (designed to help or advice on how best to enter sustainable farming)o Guaranteeing decision-making power in leadership positionso Providing income support for sustainable technologies and sustainable innovationo Providing subsidies for land/infrastructure and storage facilitieso Providing capacity development programmes for female farmers and fishers on sustainable and regenerative practices, and on climate change adaptationo Prioritize female farmers and fishers when it comes to receiving basic payment entitlements from the national/regional reserveo Prioritize female farmers and fishers access to local, national and international marketso Recognising and securing legitimate tenure right holders and their rights with customary tenure systems that exercise self-governance of land, forests, fisheries and/or water.Equitable opportunities to earn and learn shall be compatible with safe pregnancy and breastfeeding. | CN8: PROCESS1 | Connecting smallholder farmers with territorial marketsThe government has programmes in place to guarantee that the local, fresh and diverse production of smallholder/family farmers reaches territorial markets (urban, peri-urban and rural), such as:o Investing in transportation, road and railway infrastructure;o Investing in storage facilities to be rented at lower prices to smallholder/family farmers;o Providing grants allocated to the construction of storage facilities in-farm;o Covering the costs associated to hygienic practices for food storage and handling prior to selling;o Tax exemptions on infrastructure usePriority is given to smallholder/family farmers coupled to organic farming, agroecology or sustainable agriculture practices. | CO8: TRADE1 | Risk impact assessment of trade and investment agreementsThe government conducts cross-ministry and cross-sector risk impact assessments before the negotiation and implementation of multilateral and bilateral trade and investment agreements, to identify, evaluate and minimize the direct and indirect impacts of such agreements on population's nutrition and health, food security and environmental sustainability, both domestically and in third countries. The assessment includes an analysis of trade-offs interconnected to these factors. Focus is given to reducing health and gender inequalities. | CP8: TRADE3 | Trade incentives for shorter food supply chainsThe government provides trade policy incentives that enable shorter food supply chains (SFSCs) linking cities to secure a supply of healthier and more sustainable foods, and ensuring that priority is given to food from exports and imports that do not contribute to deforestation, or to the displacement of vulnerable groups from their traditional lands. | CQ8: TRADE4 | Transparency of global food supply chainsThe government fosters sustainable and responsible corporate behaviour throughout the global value chains, such as:o Implementing Participatory Guarantee System (PGS) for sustainable production.o Requiring companies to identify and, where necessary, prevent, end or mitigate adverse impacts of their activities on the environment (e.g. pollution, use of hazardous chemicals, biodiversity loss). | FC8: COMP1 | Reformulation of processed foodsFood composition targets/ standards/ restrictions/ bans have been established by the government for:o The content of energy, nutrients of concern (trans fats, added sugars, saturated fat) and sodiumo The use of less healthy and less sustainable ingredients (e.g. palm oil, animal protein sources)o The portion sizesof processed foods. | FD8: LABEL1 | Nutrition information panels and ingredient listso Ingredient lists and nutrient declarations in line with the most recent Codex recommendations are present on the labels of all packaged foods.o Regulations ensure that information concerning the quantity of added sugar and trans-fat within a food product is clearly presented in the nutrition information panel of all relevant packaged foods.o Regulations ensure that information concerning the type of all fats and oils (e.g. palm oil, sunflower oil) and added sweeteners (e.g. fructose, dates, honey) within a food product is presented in the ingredient list of all relevant packaged foods. | FE8: LABEL3 | Front-of pack labellingA mandatory, consistent, evidence-informed front-of-pack label with a:o Nutrition information system (e.g. warning labels, numerical/colour coded, graded indicators)o Environmental information system (e.g. lifecycle analysis-inspired label, full environmental footprint label)is required for all packaged foods (either combined or separate), which readily allows consumers to assess a product's healthiness and/or environmental impact. | FF8: PROMO1 | Marketing restrictions of less healthy and less sustainable foods to children across all mediaComprehensive, mandatory regulations with effective enforcement are implemented by the government to restrict exposure and power of promotion of less healthy and less sustainable foods to children, and/or their parents/caregivers across all types of media, including:o Broadcast media (TV, radio)o Non-broadcast media (e.g. internet, online videogames, influencers/social media)o Food packagingo Sport clubs and events (e.g. sponsorship, billboards/advertising posters)o In public settings where children gather (e.g. outdoor advertising around preschools, schools, train stations, buses and cultural events) | FG8: PROMO3 | Marketing restrictions of breastmilk substitutesThe government implements, across all media and settings, the policies and practices of the 'International Code of Marketing of Breast-milk Substitutes' and 'World Health Assembly Resolutions' (e.g. prohibit the promotion of breastmilk substitutes, feeding bottles and teats) and restricts the marketing of breastmilk substitutes to adult women of reproductive age, pregnant women, parents of children under three years, caregivers and healthcare providers. | FH8: PROV1 | School food and nutrition policies The government implements clear, consistent policies in schools and early childhood education services with food service activities (nutrition standards for canteens, food at events, fundraising, promotions, vending machines etc.) that:o Promote safe drinking water (safe tap water or water fountains)o Provide and promote healthier and more sustainable foods based on nutritional guidelineso Prioritize the purchase of seasonal, healthier and more sustainable foodso Restrict less healthy and less sustainable foods and beverages | FI8: PRICES1 | Taxes on less healthy/sustainable foodso The government imposes taxes on less healthy foods (e.g. foods high in nutrients of concern or nutrients of concern in foods) to increase the prices of these foods by at least 20% to discourage less healthy food choices where possible.o The government imposes taxes on less sustainable foods and/or ingredients (e.g. red and processed meat, palm oil) to increase the prices of these foods by at least 20% to discourage less sustainable food choices where possible.o These tax revenues are ideally re-invested to create healthier and more sustainable food systems, re-invest in infrastructure (e.g. quality of tap water) or VAT reductions of healthier and sustainable foods or beverages. | FJ8: PRICES3 | Affordability of healthier and more sustainable dietsThe government requires existing food-related income support programmes (e.g. vouchers, cash, school feeding) to make healthier and more sustainable foods accessible for low-income households and vulnerable groups. | FK8: PRICES2 | Subsidies for healthier and more sustainable foods The intent of existing subsidies/or VAT reductions by the government is for healthier and more sustainable foods (e.g. fruits, vegetables, beans and lentils, whole grains). | GK8: PROMO1 | Marketing restrictions of less healthy and less sustainable foods to children across all mediaComprehensive, mandatory regulations with effective enforcement are implemented by the government to restrict exposure and power of promotion of less healthy and less sustainable foods to children, and/or their parents/caregivers across all types of media, including:o Broadcast media (TV, radio)o Non-broadcast media (e.g. internet, online videogames, influencers/social media)o Food packagingo Sport clubs and events (e.g. sponsorship, billboards/advertising posters)o In public settings where children gather (e.g. outdoor advertising around preschools, schools, train stations, buses and cultural events) | GL8: PROMO2 | Restriction of marketing of less healthy, less sustainable food in retail outlets The government has regulations in place to restrict the marketing of less healthy, less sustainable foods within supermarkets and other retail stores, including restrictions on product placement in prominent in-store positions (e.g. checkouts, end-of-aisle displays), price discounts, and sales targeting children and/or their parents/caregivers. | GM8: PROV3 | Support for shorter food supply chainsThe government gives financial support to shorter food supply chains (SFSCs) initiatives that connect farmers and consumers. Special focus is given to those coupled to organic farming, agroecology or sustainable agriculture practices, such as:o Community-Supported Agriculture (CSA)o Promoting the direct sale of agricultural products by farmers on territorial markets without intermediarieso On-farm sales or off-farm schemes (farmers markets, delivery schemes)o Producer-to-consumer networks o Collective sales towards public institutionso Other policy tools, such as training and knowledge exchange in marketing and communication on SFSCs, shall (or if already in place, continue) to be funded by Rural Development programmes | GN8: PRICES1 | Taxes on less healthy/sustainable foodso The government imposes taxes on less healthy foods (e.g. foods high in nutrients of concern or nutrients of concern in foods) to increase the prices of these foods by at least 20% to discourage less healthy food choices where possible.o The government imposes taxes on less sustainable foods and/or ingredients (e.g. red and processed meat, palm oil) to increase the prices of these foods by at least 20% to discourage less sustainable food choices where possible.o These tax revenues are ideally re-invested to create healthier and more sustainable food systems, re-invest in infrastructure (e.g. quality of tap water) or VAT reductions of healthier and sustainable foods or beverages. | GO8: PRICES2 | Subsidies for healthier and more sustainable foods The intent of existing subsidies/or VAT reductions by the government is for healthier and more sustainable foods (e.g. fruits, vegetables, beans and lentils, whole grains). | GP8: PRICES3 | Affordability of healthier and more sustainable dietsThe government requires existing food-related income support programmes (e.g. vouchers, cash, school feeding) to make healthier and more sustainable foods accessible for low-income households and vulnerable groups.
A9: 187.189.145.47 | B9: No | C9: No | D9: Yes | E9: No | F9: No | BI9: PRODUCT12 | Farmers and fishers' support The government has programmes in place to support farmers and fishers taking part in the transition towards sustainable food systems, such as:o Subsidizing the access to sustainable technologies and innovation (including digital technologies);o Providing skill training and capacity development programmes on sustainable and regenerative practices, and on climate change adaptation | BJ9: PRODUCT16 | Climate change impact preparedness The government has programmes in place for climate change impact preparedness that enhance the resilience of food supply chains, such as:o weather insurance for farmers and fisherso interventions to reduce and manage price volatility in case of pests, diseases, weather-related shocks or emergencies. | BK9: PRODUCT4 | Optimisation of water resources managementThe government requires farmers to integrate sustainable water resource management practices (e.g. managed aquifer recharge and storage, subsurface waste storage and injection) that optimise water resources and agricultural outputs per unit of water. | BL9: PRODUCT8 | FertilizersThe government has regulations in place to reduce (and ideally eliminate) the synthetic use of fertilisers, including:o Targets for reductions of nitrogen and phosphorus dischargeso Fertilisers accounting systemso Nitrogen quota systemso Taxes on phosphorus content in feedo Protection of groundwater and coastal areas from fertilizers' pollution | BM9: PRODUCT10 | Subsidies for sustainable healthy crops/livestock/fishThe intent of existing subsidies by the government is to support sustainably produced crops, livestock and fish that contribute to healthier and more sustainable diets. These subsidised crops, livestock and fish shall be for food products intended for human consumption, and not for animal feed. | BN9: PRODUCT5 | Incentives for crop, fish and livestock diversification The government provides (non-)financial incentives to farmers and fishers to implement sustainable diversification practices, such as polyculture or crop-livestock integration, in:o Food crops (including neglected and underutilized traditional crops)o Livestock specieso Fisheries (including algae and new/emerging finfish species) | BO9: WASTE1 | Food loss prevention and reduction through infrastructure investment The government minimizes food losses across the whole food supply chain by investing in sustainable infrastructure that improves post-harvest techniques and fosters the development of facilities for the post-harvest storage, the food processing and the transportation. | BP9: WASTE2 | Food loss and waste reduction through a step-wise process The government requires all stakeholders across the food supply chain to have programmes in place that reduce (and ideally eliminate) food loss and waste, such as:o Elaborating a prevention plan according to a hierarchy of uses for food fit for consumption but consciously discarded, in which priority will be given to human consumption:1. Priority: fiscal measures, such as tax breaks or price adjustments, giving supremacy to fresh, healthier and more sustainable foods;2. Second step: human consumption through donation to organisations (such as food banks), giving supremacy to fresh, healthier and more sustainable foods, and avoiding (if possible) ultra-processed foods. Companies should sign agreements with the receiving organisations specifying the conditions for collection, storage and transport.3. Third step: to transform food into other edible products for human consumption.4. Fourth step: to use the food as animal feed.5. Last uses: processing of industrial by-products and recycling into compost or fuels.o Implementing a mandatory food waste reporting system. The government contemplates financial penalties for institutions that do not comply with this legislation. | BQ9: PRODUCT11 | Farmers access to traditional seeds and breedsThe government has programmes in place that protect ancestral, traditional seeds and breeds, such as:o Making them economically accessible to smallholder/family farmers, prioritizing them over industrial varieties.o Declaring ancestral seeds and breeds as public goods (property of the local community). | BR9: PRODUCT9 | PesticidesThe government has regulations in place to reduce (and ideally eliminate) the use of chemical pesticides, including:o Avoiding the use of hazardous chemical pesticideso Promoting best practices to minimise the associated risks to human health and the environmento Encouraging farmers to use sustainable prevention techniques for disease and pests’ management | BS9: PRODUCT13 | Support to women's empowerment The government has programmes in place that enhance the participation of women and give (non-)financial support to women in agriculture and fisheries, such as:o Providing start-up grants, loans or guarantees (designed to help or advice on how best to enter sustainable farming)o Guaranteeing decision-making power in leadership positionso Providing income support for sustainable technologies and sustainable innovationo Providing subsidies for land/infrastructure and storage facilitieso Providing capacity development programmes for female farmers and fishers on sustainable and regenerative practices, and on climate change adaptationo Prioritize female farmers and fishers when it comes to receiving basic payment entitlements from the national/regional reserveo Prioritize female farmers and fishers access to local, national and international marketso Recognising and securing legitimate tenure right holders and their rights with customary tenure systems that exercise self-governance of land, forests, fisheries and/or water.Equitable opportunities to earn and learn shall be compatible with safe pregnancy and breastfeeding. | BT9: PRODUCT14 | Support to young generationsThe government has programmes in place that give (non-)financial support to young generations ( | BU9: PROCESS1 | Connecting smallholder farmers with territorial marketsThe government has programmes in place to guarantee that the local, fresh and diverse production of smallholder/family farmers reaches territorial markets (urban, peri-urban and rural), such as:o Investing in transportation, road and railway infrastructure;o Investing in storage facilities to be rented at lower prices to smallholder/family farmers;o Providing grants allocated to the construction of storage facilities in-farm;o Covering the costs associated to hygienic practices for food storage and handling prior to selling;o Tax exemptions on infrastructure usePriority is given to smallholder/family farmers coupled to organic farming, agroecology or sustainable agriculture practices. | BV9: PRODUCT3 | Regenerative agricultureThe government has programmes in place to (non-)financially support regenerative agriculture practices that protect the soil, enhancing its fertility and health through:o Sustainable soil remediation methods (e.g. bioremediation)o Increase of soil's organic matter contento Nitrogen fixation practices and rotation systemso Crop rotation of the land and return of crop residues | BW9: PRODUCT7 | Land use managementThe government has regulations in place that restrict how land can be used in order to support environmental conservation, address desertification and land degradation, including:o Financial incentives to farmers in exchange for providing ecosystem services when managing the land and working on the land.o Guidance on land use that encourages sustainable development | BX9: PRODUCT15 | Ecosystem restoration and conservationThe government has programmes in place to conserve and protect biodiversity across:o Lands and forests (zero-expansion policy of new agricultural land, restoring and reforesting degraded land)o Waters, oceans and coastal seas (marine protected areas, mangrove forests)Adopting a "Half Earth" strategy for biodiversity conservation. | BY9: PROCESS4 | Environmental impact measuresThe government requires the food producing companies to measure the environmental impact of food products by calculating in a standardized way an eco-score (e.g. lifecycle analysis, full environmental footprint) for the environmental impact of individual food and drink products. | BZ9: WASTE3 | Regulation framework at retail levelThe government has programmes in place to minimize food waste at retail level:o Bars, cafeterias and restaurants shall be obliged to make it possible for consumers to take home food that they have not consumed, at no additional cost. To this end, reusable or easily recyclable packaging suitable for food use must be available to the consumer.o Supermarkets shall have sales lines for "ugly, imperfect or un-aesthetic" products; promoting the consumption of seasonal, healthier and/or more sustainable products. | CA9: TRADE2 | Effective use of trade policy levers for sustainable food systemsThe government adopts measures to manage investment and protect their regulatory capacity from the influence of vested interests on policy and uses trade policy levers more effectively to ensure environmental sustainability and the availability and accessibility of healthier and more sustainable foods, prevent overweight and obesity, reduce food insecurity and under-nutrition, and promote food policy space. Instruments such as appropriate tariffs can help the shift foods available domestically as well as their relative prices. | CB9: TRADE3 | Trade incentives for shorter food supply chainsThe government provides trade policy incentives that enable shorter food supply chains (SFSCs) linking cities to secure a supply of healthier and more sustainable foods, and ensuring that priority is given to food from exports and imports that do not contribute to deforestation, or to the displacement of vulnerable groups from their traditional lands. | CC9: PRODUCT1 | Sustainable carbon sequestration practicesThe government has programmes in place to (non-)financially support agroecological practices that enhance natural carbon capture, such as:o Biosequestration practices through agroforestry systems (agrisilvicultural, silvopastoral, agrosylvopastoral)o Afforestation or reforestation practiceso Use of cover cropso Organic farming restoration of agricultural degraded lands | FT9: PRICES2 | Subsidies for healthier and more sustainable foods The intent of existing subsidies/or VAT reductions by the government is for healthier and more sustainable foods (e.g. fruits, vegetables, beans and lentils, whole grains). | FU9: PRICES1 | Taxes on less healthy/sustainable foodso The government imposes taxes on less healthy foods (e.g. foods high in nutrients of concern or nutrients of concern in foods) to increase the prices of these foods by at least 20% to discourage less healthy food choices where possible.o The government imposes taxes on less sustainable foods and/or ingredients (e.g. red and processed meat, palm oil) to increase the prices of these foods by at least 20% to discourage less sustainable food choices where possible.o These tax revenues are ideally re-invested to create healthier and more sustainable food systems, re-invest in infrastructure (e.g. quality of tap water) or VAT reductions of healthier and sustainable foods or beverages. | FV9: PRICES3 | Affordability of healthier and more sustainable dietsThe government requires existing food-related income support programmes (e.g. vouchers, cash, school feeding) to make healthier and more sustainable foods accessible for low-income households and vulnerable groups. | FW9: PROV3 | Support for shorter food supply chainsThe government gives financial support to shorter food supply chains (SFSCs) initiatives that connect farmers and consumers. Special focus is given to those coupled to organic farming, agroecology or sustainable agriculture practices, such as:o Community-Supported Agriculture (CSA)o Promoting the direct sale of agricultural products by farmers on territorial markets without intermediarieso On-farm sales or off-farm schemes (farmers markets, delivery schemes)o Producer-to-consumer networks o Collective sales towards public institutionso Other policy tools, such as training and knowledge exchange in marketing and communication on SFSCs, shall (or if already in place, continue) to be funded by Rural Development programmes | FX9: PROMO1 | Marketing restrictions of less healthy and less sustainable foods to children across all mediaComprehensive, mandatory regulations with effective enforcement are implemented by the government to restrict exposure and power of promotion of less healthy and less sustainable foods to children, and/or their parents/caregivers across all types of media, including:o Broadcast media (TV, radio)o Non-broadcast media (e.g. internet, online videogames, influencers/social media)o Food packagingo Sport clubs and events (e.g. sponsorship, billboards/advertising posters)o In public settings where children gather (e.g. outdoor advertising around preschools, schools, train stations, buses and cultural events) | FY9: LABEL2 | Evidence-based claim regulations Robust, evidence-based regulatory systems are in place for:o Approving/reviewing nutrition and health claims on foods, according to an evidence-based independent nutrient profile modelo Approving/reviewing environmental sustainability claimsso that consumers are protected against misleading claims on packaged foods which lack scientific evidence. | FZ9: COMP1 | Reformulation of processed foodsFood composition targets/ standards/ restrictions/ bans have been established by the government for:o The content of energy, nutrients of concern (trans fats, added sugars, saturated fat) and sodiumo The use of less healthy and less sustainable ingredients (e.g. palm oil, animal protein sources)o The portion sizesof processed foods. | GA9: PROV1 | School food and nutrition policies The government implements clear, consistent policies in schools and early childhood education services with food service activities (nutrition standards for canteens, food at events, fundraising, promotions, vending machines etc.) that:o Promote safe drinking water (safe tap water or water fountains)o Provide and promote healthier and more sustainable foods based on nutritional guidelineso Prioritize the purchase of seasonal, healthier and more sustainable foodso Restrict less healthy and less sustainable foods and beverages | GB9: LABEL3 | Front-of pack labellingA mandatory, consistent, evidence-informed front-of-pack label with a:o Nutrition information system (e.g. warning labels, numerical/colour coded, graded indicators)o Environmental information system (e.g. lifecycle analysis-inspired label, full environmental footprint label)is required for all packaged foods (either combined or separate), which readily allows consumers to assess a product's healthiness and/or environmental impact. | GC9: RETAIL2 | Prominence of healthy, sustainable foods in the (in)formal food sectorThe government requires prioritization of the placement and prominence of healthier and more sustainable foods and the limitation of the in-store availability of less healthy and less sustainable foods, for:o Formal food vendors (including food stores and supermarkets)o Informal food vendors (including food trucks and street vendors) | GD9: PROMO2 | Restriction of marketing of less healthy, less sustainable food in retail outlets The government has regulations in place to restrict the marketing of less healthy, less sustainable foods within supermarkets and other retail stores, including restrictions on product placement in prominent in-store positions (e.g. checkouts, end-of-aisle displays), price discounts, and sales targeting children and/or their parents/caregivers. | HS9: - Indicators PRODUCT10 AND PRODUCT 5 should be combined: diversified nutritous food. - Indicator PRODUCT12: should include that technologies should promote similar or higher cropyields (to reduce trade-off with lower food supply with agricultural expansion (deforestation). Maybe also include: land use change from none nutritous crops and livestock to nutritous (diverse) foods . Also include FISHERIES (that is why I did not add the Product about fisheries, to try to make it less complex) - Product15: should include that support is giving to "sustainable intensification", so that there is no (or low) trade-off with lower food supply - Process 4: CAREFULL!! THIS CAN HAVE A TRADEOFF THAT SMALL COMPANIES, COOPERATIVES, SMALL FARMERS CAN HAVE ACCESS TO THIS MEASURE (SIMILAR TO THE PROBLEM OF ACCESS TO ORGANIC LABELING). So this should apply only to large-companies, multinationals, etc... but I am not expert on how can this be implemented. NOTE: I did not feel very expert while choosing the indicators of food environment. Thanks for the invitation to participate and good luck!!!
